Workbook

Sheet Coversheet
A1: ='Globals'!$C$4 -> Your Great Film
A3: Version:
A4: Dated:
A5: Director:
A6: Producer:
A7: TOTAL:
A9: ASSUMPTIONS:
A10: Shoot:
A11: Prep:
A12: Wrap:
A13: Post:
A14: Format:
A15: Ratio:
A17: Unions: | B17: SAG (Low Budget Agreement)
B18: IATSE for crew (Low Budget Area Agreement, Tier 1)
B19: DGA for UPM and ADs (Low Budget Sideletter, Level 2)
A21: Budget To: | B21: Negative Cost
B22: Full Sound Mix + Dolby License
B23: Full Music Clearance Fees
A26: Notes:
A27: 1 | B27: Assumes a 5-day week.
A28: 2 | B28: Assumes local crew hires with exception of Director (1), Producers (4), DP (1)

Sheet Topsheet
A1: YOUR GREAT FILM
A2: Version: | B2: 1 | C2: Time: | D2: 12pm
A3: Dated: | B3: WHEN | C3: Shoot: | D3: DAYS
A4: Director: | B4: YOU | C4: SAG: | D4: WHAT
A5: Prod: | B5: YOU | C5: Format: | D5: 4k
A6: Category | B6: Name | D6: Total
A7: ABOVE THE LINE | D7: 0
A8: 110-00 | B8: Writer | D8: 0
A9: 111-00 | B9: Producer | D9: ='Budget'!H29 -> 0
A10: 112-00 | B10: Director | D10: ='Budget'!H38 -> 0
A11: 113-00 | B11: Cast | D11: 0
A12: 114-00 | B12: ATL Travel/Housing | D12: =H112 -> 0
A13: 999-96 | B13: ATL FRINGES
B14: Subtotal Above-The-Line: | D14: =SUM(D8:D13) -> 0
A15: BELOW THE LINE
A16: 200-00 | B16: Production | D16: 0
A17: 201-00 | B17: Background | D17: 0
A18: 202-00 | B18: Production Design | D18: 0
A19: 203-00 | B19: Property | D19: 0
A20: 204-00 | B20: Set Dressing | D20: 0
A21: 205-00 | B21: Set Construction | D21: 0
A22: 206-00 | B22: Special Effects | D22: ='Budget'!H262 -> 0
A23: 207-00 | B23: Camera | D23: 0
A24: 208-00 | B24: Electric | D24: 0
A25: 209-00 | B25: Grip | D25: 0
A26: 210-00 | B26: Production Sound | D26: 0
A27: 211-00 | B27: Set Operations | D27: 0
A28: 212-00 | B28: Costume/Wardrobe | D28: 0
A29: 213-00 | B29: Hair/Makeup | D29: 0
A30: 214-00 | B30: Locations | D30: 0
A31: 215-00 | B31: Transportation | D31: 0
A32: 216-00 | B32: Production Stock / Digitizing | D32: 0
A33: 217-00 | B33: Unit Publicity | D33: 0
A34: 218-00 | B34: BTL Travel/Housing | D34: 0
A35: 219-00 | B35: Production Overhead | D35: 0
A36: 999-97 | B36: BTL FRINGES | D36: ='Budget'!H484 -> 0
B37: Subtotal Below-The-Line | D37: 0
B38: TOTAL PRODUCTION BUDGET: | D38: =SUM(D37,D14) -> 0
A40: POST-PRODUCTION
A41: 501-00 | B41: Editing | D41: 0
A42: 502-00 | B42: Digital Conform/Finish | D42: 0
A43: 503-00 | B43: Post-Production Sound | D43: 0
A44: 504-00 | B44: CGI/Opticals | D44: ='Budget'!H549 -> 0
A45: 505-00 | B45: Music | D45: 0
A46: 506-00 | B46: Titles | D46: ='Budget'!H575 -> 0
A47: 507-00 | B47: Post-Production Overhead | D47: ='Budget'!H585 -> 0
A48: 999-98 | B48: POST-PRODUCTION FRINGES | D48: ='Budget'!H595 -> 0
B49: Subtotal Post-Production: | D49: 0
A51: DISTRIBUTION/PROMOTION/OTHER
A52: 701-00 | B52: General Distribution Labor/Fees | D52: ='Budget'!H607 -> 0
A53: 702-00 | B53: DVD/Blu-Ray Distribution | D53: ='Budget'!H617 -> 0
A54: 703-00 | B54: Publicity | D54: ='Budget'!H636 -> 0
A55: 705-00 | B55: Creative Materials | D55: ='Budget'!H646 -> 0
A56: 706-00 | B56: Printing Materials | D56: ='Budget'!H657 -> 0
A57: 707-00 | B57: Theatrical Prints | D57: ='Budget'!H668 -> 0
A58: 708-00 | B58: Theater Expenses | D58: ='Budget'!H676 -> 0
A59: 709-00 | B59: Direct Media | D59: ='Budget'!H683 -> 0
A60: 710-00 | B60: Travel | D60: ='Budget'!H689 -> 0
A61: 711-00 | B61: General Overhead | D61: ='Budget'!H699 -> 0
A62: 712-00 | B62: Delivery Expenses | D62: ='Budget'!H706 -> 0
A63: 999-99 | B63: DISTRIBUTION FRINGES | D63: ='Budget'!H716 -> 0
B64: Subtotal Distribution/Promotion/Other | D64: =SUM(D52:D63) -> 0
B66: Total Production Budget: | D66: =D38 -> 0
B67: Total Post-Production Budget: | D67: =D49 -> 0
B68: Total Distribution/Promotion/Other Budget | D68: =D64 -> 0
B69: Contingency: | D69: ='Budget'!H724 -> 0
B70: Insurance: | D70: ='Budget'!H723 -> 0
A71: GRAND TOTAL BUDGET: | D71: =SUM(D66:D70) -> 0

Sheet Budget
A1: THE DEPTHS | L1: HeadCount:
A2: Version: | B2: ='Globals'!$C$2 -> 1 | D2: Prep: | E2: 1Prep & " Weeks / " & Prep_Days & " Days" | J2: Exclude Contingency
A3: Dated: | B3: 41773 | D3: Shoot: | E3: 3 weeks | G3: 6 day work week | K3: Overtime | L3: Sales tax | M3: Headcount
A4: Director: | B4: YOU | D4: Wrap:
A5: Prod: | B5: YOU | D5: SAG: | E5: ULTRA LOW | AN5: <-- Hidden Columns (do not delete)
A6: Prepped: | B6: YOU | G6: Production Total: | H6: 0
G7: Grand Total: | H7: 0 | N7: Payroll Fringes | Q7: Union Health/Pension/Welfare
A8: Category | B8: Name | C8: Quantity | D8: Unit | E8: X | F8: Rate | G8: Subtotal | H8: Total | N8: FED. | O8: ST. | P8: SVC | Q8: SAG | R8: WGA | S8: DGA | T8: NHWPA | U8: MPIPH | V8: IAP | W8: TEAM | X8: Headcount | Y8: SAG | Z8: WGA | AA8: DGA | AB8: FED | AC8: ST | AD8: SVC | AE8: OT | AF8: NHWPA | AG8: MPIPH | AH8: IAP | AI8: TEAM | AJ8: ST | AK8: FRINGE | AL8: CONTINGENCY | AN8: Comments
A9: ABOVE THE LINE
A10: 110-00 | B10: Writer
A11: 110-01 | B11: Writer | D11: Allow | X11: =IF(M11="X",IF(D11="Weeks",C11*E11*'Globals'!$C$27,C11*E11),0) -> 0 | Y11: =IF(Q11="X",G11,0) -> 0 | Z11: =IF(R11="X",$G11,0) -> 0 | AA11: =IF(S11="X",$G11,0) -> 0 | AB11: =IF(N11="X",$G11,0) -> 0 | AC11: =IF(O11="X",$G11,0) -> 0 | AD11: =IF(P11="X",$G11,0) -> 0 | AE11: =IF(K11="X",$G11,0) -> 0 | AF11: =IF(T11="X",IF($D11="Days",$C11,$C11*'Globals'!$C$27)*$E11,0) -> 0 | AG11: =IF(U11="X",IF($D11="Days",$C11,$C11*'Globals'!$C$27)*$E11,0) -> 0 | AH11: =IF(V11="X",$G11,0) -> 0 | AI11: =IF(W11="X",$G11,0) -> 0 | AJ11: =IF(L11="X",$G11,0) -> 0 | AK11: =(IF(Q11="X",G11*'Globals'!$C$45,0))+(IF(N11="X",G11*'Globals'!$C$46,0))+(IF(O11="X",G11*'Globals'!$C$47,0))+(IF(K11="X",G11*'Globals'!$C$49,0))+(IF(T11="X",G11*'Globals'!$C$51,0))+(IF(L11="X",G11*'Globals'!$C$50,0)) -> 0 | AL11: =IF(J11="",G11,0) -> 0
A12: 110-02 | B12: Option Agreement | D12: Allow | X12: =IF(M12="X",IF(D12="Weeks",C12*E12*'Globals'!$C$27,C12*E12),0) -> 0 | Y12: =IF(Q12="X",G12,0) -> 0 | Z12: =IF(R12="X",$G12,0) -> 0 | AA12: =IF(S12="X",$G12,0) -> 0 | AB12: =IF(N12="X",$G12,0) -> 0 | AC12: =IF(O12="X",$G12,0) -> 0 | AD12: =IF(P12="X",$G12,0) -> 0 | AE12: =IF(K12="X",$G12,0) -> 0 | AF12: =IF(T12="X",IF(D12="Days",C12,C12*'Globals'!$C$27)*E12,0) -> 0 | AG12: =IF(U12="X",IF($D12="Days",$C12,$C12*'Globals'!$C$27)*$E12,0) -> 0 | AH12: =IF(V12="X",$G12,0) -> 0 | AI12: =IF(W12="X",$G12,0) -> 0 | AJ12: =IF(L12="X",$G12,0) -> 0 | AK12: =(IF(Q12="X",G12*'Globals'!$C$45,0))+(IF(N12="X",G12*'Globals'!$C$46,0))+(IF(O12="X",G12*'Globals'!$C$47,0))+(IF(K12="X",G12*'Globals'!$C$49,0))+(IF(T12="X",G12*'Globals'!$C$51,0))+(IF(L12="X",G12*'Globals'!$C$50,0)) -> 0 | AL12: =IF(J12="",G12,0) -> 0
A13: 110-03 | B13: Credit Bonus | D13: Allow | X13: =IF(M13="X",IF(D13="Weeks",C13*E13*'Globals'!$C$27,C13*E13),0) -> 0 | Y13: =IF(Q13="X",G13,0) -> 0 | Z13: =IF(R13="X",$G13,0) -> 0 | AA13: =IF(S13="X",$G13,0) -> 0 | AB13: =IF(N13="X",$G13,0) -> 0 | AC13: =IF(O13="X",$G13,0) -> 0 | AD13: =IF(P13="X",$G13,0) -> 0 | AE13: =IF(K13="X",$G13,0) -> 0 | AF13: =IF(T13="X",IF(D13="Days",C13,C13*'Globals'!$C$27)*E13,0) -> 0 | AG13: =IF(U13="X",IF($D13="Days",$C13,$C13*'Globals'!$C$27)*$E13,0) -> 0 | AH13: =IF(V13="X",$G13,0) -> 0 | AI13: =IF(W13="X",$G13,0) -> 0 | AJ13: =IF(L13="X",$G13,0) -> 0 | AK13: =(IF(Q13="X",G13*'Globals'!$C$45,0))+(IF(N13="X",G13*'Globals'!$C$46,0))+(IF(O13="X",G13*'Globals'!$C$47,0))+(IF(K13="X",G13*'Globals'!$C$49,0))+(IF(T13="X",G13*'Globals'!$C$51,0))+(IF(L13="X",G13*'Globals'!$C$50,0)) -> 0 | AL13: =IF(J13="",G13,0) -> 0
A14: 110-04 | B14: Publication Fee | D14: Allow | X14: =IF(M14="X",IF(D14="Weeks",C14*E14*'Globals'!$C$27,C14*E14),0) -> 0 | Y14: =IF(Q14="X",G14,0) -> 0 | Z14: =IF(R14="X",$G14,0) -> 0 | AA14: =IF(S14="X",$G14,0) -> 0 | AB14: =IF(N14="X",$G14,0) -> 0 | AC14: =IF(O14="X",$G14,0) -> 0 | AD14: =IF(P14="X",$G14,0) -> 0 | AE14: =IF(K14="X",$G14,0) -> 0 | AF14: =IF(T14="X",IF(D14="Days",C14,C14*'Globals'!$C$27)*E14,0) -> 0 | AG14: =IF(U14="X",IF($D14="Days",$C14,$C14*'Globals'!$C$27)*$E14,0) -> 0 | AH14: =IF(V14="X",$G14,0) -> 0 | AI14: =IF(W14="X",$G14,0) -> 0 | AJ14: =IF(L14="X",$G14,0) -> 0 | AK14: =(IF(Q14="X",G14*'Globals'!$C$45,0))+(IF(N14="X",G14*'Globals'!$C$46,0))+(IF(O14="X",G14*'Globals'!$C$47,0))+(IF(K14="X",G14*'Globals'!$C$49,0))+(IF(T14="X",G14*'Globals'!$C$51,0))+(IF(L14="X",G14*'Globals'!$C$50,0)) -> 0 | AL14: =IF(J14="",G14,0) -> 0
A15: 110-05 | B15: Script Clearance | D15: Allow | E15: 1 | G15: 0 | X15: =IF(M15="X",IF(D15="Weeks",C15*E15*'Globals'!$C$27,C15*E15),0) -> 0 | Y15: =IF(Q15="X",G15,0) -> 0 | Z15: =IF(R15="X",$G15,0) -> 0 | AA15: =IF(S15="X",$G15,0) -> 0 | AB15: =IF(N15="X",$G15,0) -> 0 | AC15: =IF(O15="X",$G15,0) -> 0 | AD15: =IF(P15="X",$G15,0) -> 0 | AE15: =IF(K15="X",$G15,0) -> 0 | AF15: =IF(T15="X",IF(D15="Days",C15,C15*'Globals'!$C$27)*E15,0) -> 0 | AG15: =IF(U15="X",IF($D15="Days",$C15,$C15*'Globals'!$C$27)*$E15,0) -> 0 | AH15: =IF(V15="X",$G15,0) -> 0 | AI15: =IF(W15="X",$G15,0) -> 0 | AJ15: =IF(L15="X",$G15,0) -> 0 | AK15: =(IF(Q15="X",G15*'Globals'!$C$45,0))+(IF(N15="X",G15*'Globals'!$C$46,0))+(IF(O15="X",G15*'Globals'!$C$47,0))+(IF(K15="X",G15*'Globals'!$C$49,0))+(IF(T15="X",G15*'Globals'!$C$51,0))+(IF(L15="X",G15*'Globals'!$C$50,0)) -> 0 | AL15: =IF(J15="",G15,0) -> 0
A16: 110-07 | B16: Misc. Xeroxing and Postage | D16: Allow | X16: =IF(M16="X",IF(D16="Weeks",C16*E16*'Globals'!$C$27,C16*E16),0) -> 0 | Y16: =IF(Q16="X",G16,0) -> 0 | Z16: =IF(R16="X",$G16,0) -> 0 | AA16: =IF(S16="X",$G16,0) -> 0 | AB16: =IF(N16="X",$G16,0) -> 0 | AC16: =IF(O16="X",$G16,0) -> 0 | AD16: =IF(P16="X",$G16,0) -> 0 | AE16: =IF(K16="X",$G16,0) -> 0 | AF16: =IF(T16="X",IF(D16="Days",C16,C16*'Globals'!$C$27)*E16,0) -> 0 | AG16: =IF(U16="X",IF($D16="Days",$C16,$C16*'Globals'!$C$27)*$E16,0) -> 0 | AH16: =IF(V16="X",$G16,0) -> 0 | AI16: =IF(W16="X",$G16,0) -> 0 | AJ16: =IF(L16="X",$G16,0) -> 0 | AK16: =(IF(Q16="X",G16*'Globals'!$C$45,0))+(IF(N16="X",G16*'Globals'!$C$46,0))+(IF(O16="X",G16*'Globals'!$C$47,0))+(IF(K16="X",G16*'Globals'!$C$49,0))+(IF(T16="X",G16*'Globals'!$C$51,0))+(IF(L16="X",G16*'Globals'!$C$50,0)) -> 0 | AL16: =IF(J16="",G16,0) -> 0
A17: 110-06 | B17: Copyright | D17: Allow | E17: 1 | G17: 0 | X17: =IF(M17="X",IF(D17="Weeks",C17*E17*'Globals'!$C$27,C17*E17),0) -> 0 | Y17: =IF(Q17="X",G17,0) -> 0 | Z17: =IF(R17="X",$G17,0) -> 0 | AA17: =IF(S17="X",$G17,0) -> 0 | AB17: =IF(N17="X",$G17,0) -> 0 | AC17: =IF(O17="X",$G17,0) -> 0 | AD17: =IF(P17="X",$G17,0) -> 0 | AE17: =IF(K17="X",$G17,0) -> 0 | AF17: =IF(T17="X",IF(D17="Days",C17,C17*'Globals'!$C$27)*E17,0) -> 0 | AG17: =IF(U17="X",IF($D17="Days",$C17,$C17*'Globals'!$C$27)*$E17,0) -> 0 | AH17: =IF(V17="X",$G17,0) -> 0 | AI17: =IF(W17="X",$G17,0) -> 0 | AJ17: =IF(L17="X",$G17,0) -> 0 | AK17: =(IF(Q17="X",G17*'Globals'!$C$45,0))+(IF(N17="X",G17*'Globals'!$C$46,0))+(IF(O17="X",G17*'Globals'!$C$47,0))+(IF(K17="X",G17*'Globals'!$C$49,0))+(IF(T17="X",G17*'Globals'!$C$51,0))+(IF(L17="X",G17*'Globals'!$C$50,0)) -> 0 | AL17: =IF(J17="",G17,0) -> 0
B19: Subtotal Acct 110-00: | H19: =SUM(G11:G18) -> 0
A21: 111-00 | B21: Producer
A22: 111-01 | B22: Executive Producers | D22: Months | X22: =IF(M22="X",IF(D22="Weeks",C22*E22*'Globals'!$C$27,C22*E22),0) -> 0 | Y22: =IF(Q22="X",G22,0) -> 0 | Z22: =IF(R22="X",$G22,0) -> 0 | AA22: =IF(S22="X",$G22,0) -> 0 | AB22: =IF(N22="X",$G22,0) -> 0 | AC22: =IF(O22="X",$G22,0) -> 0 | AD22: =IF(P22="X",$G22,0) -> 0 | AE22: =IF(K22="X",$G22,0) -> 0 | AF22: =IF(T22="X",IF(D22="Days",C22,C22*'Globals'!$C$27)*E22,0) -> 0 | AG22: =IF(U22="X",IF($D22="Days",$C22,$C22*'Globals'!$C$27)*$E22,0) -> 0 | AH22: =IF(V22="X",$G22,0) -> 0 | AI22: =IF(W22="X",$G22,0) -> 0 | AJ22: =IF(L22="X",$G22,0) -> 0 | AK22: =(IF(Q22="X",G22*'Globals'!$C$45,0))+(IF(N22="X",G22*'Globals'!$C$46,0))+(IF(O22="X",G22*'Globals'!$C$47,0))+(IF(K22="X",G22*'Globals'!$C$49,0))+(IF(T22="X",G22*'Globals'!$C$51,0))+(IF(L22="X",G22*'Globals'!$C$50,0)) -> 0 | AL22: =IF(J22="",G22,0) -> 0
A23: 111-02 | B23: Producers | D23: Months | X23: =IF(M23="X",IF(D23="Weeks",C23*E23*'Globals'!$C$27,C23*E23),0) -> 0 | Y23: =IF(Q23="X",G23,0) -> 0 | Z23: =IF(R23="X",$G23,0) -> 0 | AA23: =IF(S23="X",$G23,0) -> 0 | AB23: =IF(N23="X",$G23,0) -> 0 | AC23: =IF(O23="X",$G23,0) -> 0 | AD23: =IF(P23="X",$G23,0) -> 0 | AE23: =IF(K23="X",$G23,0) -> 0 | AF23: =IF(T23="X",IF(D23="Days",C23,C23*'Globals'!$C$27)*E23,0) -> 0 | AG23: =IF(U23="X",IF($D23="Days",$C23,$C23*'Globals'!$C$27)*$E23,0) -> 0 | AH23: =IF(V23="X",$G23,0) -> 0 | AI23: =IF(W23="X",$G23,0) -> 0 | AJ23: =IF(L23="X",$G23,0) -> 0 | AK23: =(IF(Q23="X",G23*'Globals'!$C$45,0))+(IF(N23="X",G23*'Globals'!$C$46,0))+(IF(O23="X",G23*'Globals'!$C$47,0))+(IF(K23="X",G23*'Globals'!$C$49,0))+(IF(T23="X",G23*'Globals'!$C$51,0))+(IF(L23="X",G23*'Globals'!$C$50,0)) -> 0 | AL23: =IF(J23="",G23,0) -> 0
A24: 111-03 | B24: Co-Producers | D24: Months | X24: =IF(M24="X",IF(D24="Weeks",C24*E24*'Globals'!$C$27,C24*E24),0) -> 0 | Y24: =IF(Q24="X",G24,0) -> 0 | Z24: =IF(R24="X",$G24,0) -> 0 | AA24: =IF(S24="X",$G24,0) -> 0 | AB24: =IF(N24="X",$G24,0) -> 0 | AC24: =IF(O24="X",$G24,0) -> 0 | AD24: =IF(P24="X",$G24,0) -> 0 | AE24: =IF(K24="X",$G24,0) -> 0 | AF24: =IF(T24="X",IF(D24="Days",C24,C24*'Globals'!$C$27)*E24,0) -> 0 | AG24: =IF(U24="X",IF($D24="Days",$C24,$C24*'Globals'!$C$27)*$E24,0) -> 0 | AH24: =IF(V24="X",$G24,0) -> 0 | AI24: =IF(W24="X",$G24,0) -> 0 | AJ24: =IF(L24="X",$G24,0) -> 0 | AK24: =(IF(Q24="X",G24*'Globals'!$C$45,0))+(IF(N24="X",G24*'Globals'!$C$46,0))+(IF(O24="X",G24*'Globals'!$C$47,0))+(IF(K24="X",G24*'Globals'!$C$49,0))+(IF(T24="X",G24*'Globals'!$C$51,0))+(IF(L24="X",G24*'Globals'!$C$50,0)) -> 0 | AL24: =IF(J24="",G24,0) -> 0
A25: 111-04 | B25: Associate Producers | D25: Months | X25: =IF(M25="X",IF(D25="Weeks",C25*E25*'Globals'!$C$27,C25*E25),0) -> 0 | Y25: =IF(Q25="X",G25,0) -> 0 | Z25: =IF(R25="X",$G25,0) -> 0 | AA25: =IF(S25="X",$G25,0) -> 0 | AB25: =IF(N25="X",$G25,0) -> 0 | AC25: =IF(O25="X",$G25,0) -> 0 | AD25: =IF(P25="X",$G25,0) -> 0 | AE25: =IF(K25="X",$G25,0) -> 0 | AF25: =IF(T25="X",IF(D25="Days",C25,C25*'Globals'!$C$27)*E25,0) -> 0 | AG25: =IF(U25="X",IF($D25="Days",$C25,$C25*'Globals'!$C$27)*$E25,0) -> 0 | AH25: =IF(V25="X",$G25,0) -> 0 | AI25: =IF(W25="X",$G25,0) -> 0 | AJ25: =IF(L25="X",$G25,0) -> 0 | AK25: =(IF(Q25="X",G25*'Globals'!$C$45,0))+(IF(N25="X",G25*'Globals'!$C$46,0))+(IF(O25="X",G25*'Globals'!$C$47,0))+(IF(K25="X",G25*'Globals'!$C$49,0))+(IF(T25="X",G25*'Globals'!$C$51,0))+(IF(L25="X",G25*'Globals'!$C$50,0)) -> 0 | AL25: =IF(J25="",G25,0) -> 0
A26: 111-05 | B26: Development Expenses | D26: Allow | X26: =IF(M26="X",IF(D26="Weeks",C26*E26*'Globals'!$C$27,C26*E26),0) -> 0 | Y26: =IF(Q26="X",G26,0) -> 0 | Z26: =IF(R26="X",$G26,0) -> 0 | AA26: =IF(S26="X",$G26,0) -> 0 | AB26: =IF(N26="X",$G26,0) -> 0 | AC26: =IF(O26="X",$G26,0) -> 0 | AD26: =IF(P26="X",$G26,0) -> 0 | AE26: =IF(K26="X",$G26,0) -> 0 | AF26: =IF(T26="X",IF(D26="Days",C26,C26*'Globals'!$C$27)*E26,0) -> 0 | AG26: =IF(U26="X",IF($D26="Days",$C26,$C26*'Globals'!$C$27)*$E26,0) -> 0 | AH26: =IF(V26="X",$G26,0) -> 0 | AI26: =IF(W26="X",$G26,0) -> 0 | AJ26: =IF(L26="X",$G26,0) -> 0 | AK26: =(IF(Q26="X",G26*'Globals'!$C$45,0))+(IF(N26="X",G26*'Globals'!$C$46,0))+(IF(O26="X",G26*'Globals'!$C$47,0))+(IF(K26="X",G26*'Globals'!$C$49,0))+(IF(T26="X",G26*'Globals'!$C$51,0))+(IF(L26="X",G26*'Globals'!$C$50,0)) -> 0 | AL26: =IF(J26="",G26,0) -> 0
A27: 111-06 | B27: Marketing Consultant | D27: Allow | F27: 0 | X27: =IF(M27="X",IF(D27="Weeks",C27*E27*'Globals'!$C$27,C27*E27),0) -> 0 | Y27: =IF(Q27="X",G27,0) -> 0 | Z27: =IF(R27="X",$G27,0) -> 0 | AA27: =IF(S27="X",$G27,0) -> 0 | AB27: =IF(N27="X",$G27,0) -> 0 | AC27: =IF(O27="X",$G27,0) -> 0 | AD27: =IF(P27="X",$G27,0) -> 0 | AE27: =IF(K27="X",$G27,0) -> 0 | AF27: =IF(T27="X",IF(D27="Days",C27,C27*'Globals'!$C$27)*E27,0) -> 0 | AG27: =IF(U27="X",IF($D27="Days",$C27,$C27*'Globals'!$C$27)*$E27,0) -> 0 | AH27: =IF(V27="X",$G27,0) -> 0 | AI27: =IF(W27="X",$G27,0) -> 0 | AJ27: =IF(L27="X",$G27,0) -> 0 | AK27: =(IF(Q27="X",G27*'Globals'!$C$45,0))+(IF(N27="X",G27*'Globals'!$C$46,0))+(IF(O27="X",G27*'Globals'!$C$47,0))+(IF(K27="X",G27*'Globals'!$C$49,0))+(IF(T27="X",G27*'Globals'!$C$51,0))+(IF(L27="X",G27*'Globals'!$C$50,0)) -> 0 | AL27: =IF(J27="",G27,0) -> 0
B29: Subtotal Acct 111-00:
A31: 112-00 | B31: Director
A32: 112-01 | B32: Director | D32: Months | X32: =IF(M32="X",IF(D32="Weeks",C32*E32*'Globals'!$C$27,C32*E32),0) -> 0 | Y32: =IF(Q32="X",G32,0) -> 0 | Z32: =IF(R32="X",$G32,0) -> 0 | AA32: =IF(S32="X",$G32,0) -> 0 | AB32: =IF(N32="X",$G32,0) -> 0 | AC32: =IF(O32="X",$G32,0) -> 0 | AD32: =IF(P32="X",$G32,0) -> 0 | AE32: =IF(K32="X",$G32,0) -> 0 | AF32: =IF(T32="X",IF(D32="Days",C32,C32*'Globals'!$C$27)*E32,0) -> 0 | AG32: =IF(U32="X",IF($D32="Days",$C32,$C32*'Globals'!$C$27)*$E32,0) -> 0 | AH32: =IF(V32="X",$G32,0) -> 0 | AI32: =IF(W32="X",$G32,0) -> 0 | AJ32: =IF(L32="X",$G32,0) -> 0 | AK32: =(IF(Q32="X",G32*'Globals'!$C$45,0))+(IF(N32="X",G32*'Globals'!$C$46,0))+(IF(O32="X",G32*'Globals'!$C$47,0))+(IF(K32="X",G32*'Globals'!$C$49,0))+(IF(T32="X",G32*'Globals'!$C$51,0))+(IF(L32="X",G32*'Globals'!$C$50,0)) -> 0 | AL32: =IF(J32="",G32,0) -> 0
A33: 112-01 | B33: Director's Assistant | D33: Months | X33: =IF(M33="X",IF(D33="Weeks",C33*E33*'Globals'!$C$27,C33*E33),0) -> 0 | Y33: =IF(Q33="X",G33,0) -> 0 | Z33: =IF(R33="X",$G33,0) -> 0 | AA33: =IF(S33="X",$G33,0) -> 0 | AB33: =IF(N33="X",$G33,0) -> 0 | AC33: =IF(O33="X",$G33,0) -> 0 | AD33: =IF(P33="X",$G33,0) -> 0 | AE33: =IF(K33="X",$G33,0) -> 0 | AF33: =IF(T33="X",IF(D33="Days",C33,C33*'Globals'!$C$27)*E33,0) -> 0 | AG33: =IF(U33="X",IF($D33="Days",$C33,$C33*'Globals'!$C$27)*$E33,0) -> 0 | AH33: =IF(V33="X",$G33,0) -> 0 | AI33: =IF(W33="X",$G33,0) -> 0 | AJ33: =IF(L33="X",$G33,0) -> 0 | AK33: =(IF(Q33="X",G33*'Globals'!$C$45,0))+(IF(N33="X",G33*'Globals'!$C$46,0))+(IF(O33="X",G33*'Globals'!$C$47,0))+(IF(K33="X",G33*'Globals'!$C$49,0))+(IF(T33="X",G33*'Globals'!$C$51,0))+(IF(L33="X",G33*'Globals'!$C$50,0)) -> 0 | AL33: =IF(J33="",G33,0) -> 0
A34: 112-03 | B34: Director Expenses | D34: Months | X34: =IF(M34="X",IF(D34="Weeks",C34*E34*'Globals'!$C$27,C34*E34),0) -> 0 | Y34: =IF(Q34="X",G34,0) -> 0 | Z34: =IF(R34="X",$G34,0) -> 0 | AA34: =IF(S34="X",$G34,0) -> 0 | AB34: =IF(N34="X",$G34,0) -> 0 | AC34: =IF(O34="X",$G34,0) -> 0 | AD34: =IF(P34="X",$G34,0) -> 0 | AE34: =IF(K34="X",$G34,0) -> 0 | AF34: =IF(T34="X",IF(D34="Days",C34,C34*'Globals'!$C$27)*E34,0) -> 0 | AG34: =IF(U34="X",IF($D34="Days",$C34,$C34*'Globals'!$C$27)*$E34,0) -> 0 | AH34: =IF(V34="X",$G34,0) -> 0 | AI34: =IF(W34="X",$G34,0) -> 0 | AJ34: =IF(L34="X",$G34,0) -> 0 | AK34: =(IF(Q34="X",G34*'Globals'!$C$45,0))+(IF(N34="X",G34*'Globals'!$C$46,0))+(IF(O34="X",G34*'Globals'!$C$47,0))+(IF(K34="X",G34*'Globals'!$C$49,0))+(IF(T34="X",G34*'Globals'!$C$51,0))+(IF(L34="X",G34*'Globals'!$C$50,0)) -> 0 | AL34: =IF(J34="",G34,0) -> 0
A35: 112-04 | B35: Research | D35: Months | X35: =IF(M35="X",IF(D35="Weeks",C35*E35*'Globals'!$C$27,C35*E35),0) -> 0 | Y35: =IF(Q35="X",G35,0) -> 0 | Z35: =IF(R35="X",$G35,0) -> 0 | AA35: =IF(S35="X",$G35,0) -> 0 | AB35: =IF(N35="X",$G35,0) -> 0 | AC35: =IF(O35="X",$G35,0) -> 0 | AD35: =IF(P35="X",$G35,0) -> 0 | AE35: =IF(K35="X",$G35,0) -> 0 | AF35: =IF(T35="X",IF(D35="Days",C35,C35*'Globals'!$C$27)*E35,0) -> 0 | AG35: =IF(U35="X",IF($D35="Days",$C35,$C35*'Globals'!$C$27)*$E35,0) -> 0 | AH35: =IF(V35="X",$G35,0) -> 0 | AI35: =IF(W35="X",$G35,0) -> 0 | AJ35: =IF(L35="X",$G35,0) -> 0 | AK35: =(IF(Q35="X",G35*'Globals'!$C$45,0))+(IF(N35="X",G35*'Globals'!$C$46,0))+(IF(O35="X",G35*'Globals'!$C$47,0))+(IF(K35="X",G35*'Globals'!$C$49,0))+(IF(T35="X",G35*'Globals'!$C$51,0))+(IF(L35="X",G35*'Globals'!$C$50,0)) -> 0 | AL35: =IF(J35="",G35,0) -> 0
A36: 112-04 | B36: Research | D36: Months | X36: =IF(M36="X",IF(D36="Weeks",C36*E36*'Globals'!$C$27,C36*E36),0) -> 0 | Y36: =IF(Q36="X",G36,0) -> 0 | Z36: =IF(R36="X",$G36,0) -> 0 | AA36: =IF(S36="X",$G36,0) -> 0 | AB36: =IF(N36="X",$G36,0) -> 0 | AC36: =IF(O36="X",$G36,0) -> 0 | AD36: =IF(P36="X",$G36,0) -> 0 | AE36: =IF(K36="X",$G36,0) -> 0 | AF36: =IF(T36="X",IF(D36="Days",C36,C36*'Globals'!$C$27)*E36,0) -> 0 | AG36: =IF(U36="X",IF($D36="Days",$C36,$C36*'Globals'!$C$27)*$E36,0) -> 0 | AH36: =IF(V36="X",$G36,0) -> 0 | AI36: =IF(W36="X",$G36,0) -> 0 | AJ36: =IF(L36="X",$G36,0) -> 0 | AK36: =(IF(Q36="X",G36*'Globals'!$C$45,0))+(IF(N36="X",G36*'Globals'!$C$46,0))+(IF(O36="X",G36*'Globals'!$C$47,0))+(IF(K36="X",G36*'Globals'!$C$49,0))+(IF(T36="X",G36*'Globals'!$C$51,0))+(IF(L36="X",G36*'Globals'!$C$50,0)) -> 0 | AL36: =IF(J36="",G36,0) -> 0
B38: Subtotal Acct 112-00:
A40: 113-00 | B40: Cast
A41: 113-01 | B41: Lead Roles | X41: =IF(M41="X",IF(D41="Weeks",C41*E41*'Globals'!$C$27,C41*E41),0) -> 0 | Y41: =IF(Q41="X",G41,0) -> 0 | Z41: =IF(R41="X",$G41,0) -> 0 | AA41: =IF(S41="X",$G41,0) -> 0 | AB41: =IF(N41="X",$G41,0) -> 0 | AC41: =IF(O41="X",$G41,0) -> 0 | AD41: =IF(P41="X",$G41,0) -> 0 | AE41: =IF(K41="X",$G41,0) -> 0 | AF41: =IF(T41="X",IF(D41="Days",C41,C41*'Globals'!$C$27)*E41,0) -> 0 | AG41: =IF(U41="X",IF($D41="Days",$C41,$C41*'Globals'!$C$27)*$E41,0) -> 0 | AH41: =IF(V41="X",$G41,0) -> 0 | AI41: =IF(W41="X",$G41,0) -> 0 | AJ41: =IF(L41="X",$G41,0) -> 0 | AK41: =(IF(Q41="X",G41*'Globals'!$C$45,0))+(IF(N41="X",G41*'Globals'!$C$46,0))+(IF(O41="X",G41*'Globals'!$C$47,0))+(IF(K41="X",G41*'Globals'!$C$49,0))+(IF(T41="X",G41*'Globals'!$C$51,0))+(IF(L41="X",G41*'Globals'!$C$50,0)) -> 0 | AL41: =IF(J41="",G41,0) -> 0
B42: Lead #1 | C42: 3 | D42: Weeks | E42: 3 | F42: 0 | G42: 0 | M42: x | N42: X | O42: x | P42: x | Q42: X | X42: =IF(M42="X",IF(D42="Weeks",C42*E42*'Globals'!$C$27,C42*E42),0) -> 54 | Y42: =IF(Q42="X",G42,0) -> 0 | Z42: =IF(R42="X",$G42,0) -> 0 | AA42: =IF(S42="X",$G42,0) -> 0 | AB42: =IF(N42="X",$G42,0) -> 0 | AC42: =IF(O42="X",$G42,0) -> 0 | AD42: =IF(P42="X",$G42,0) -> 0 | AE42: =IF(K42="X",$G42,0) -> 0 | AF42: =IF(T42="X",IF(D42="Days",C42,C42*'Globals'!$C$27)*E42,0) -> 0 | AG42: =IF(U42="X",IF($D42="Days",$C42,$C42*'Globals'!$C$27)*$E42,0) -> 0 | AH42: =IF(V42="X",$G42,0) -> 0 | AI42: =IF(W42="X",$G42,0) -> 0 | AJ42: =IF(L42="X",$G42,0) -> 0 | AK42: =(IF(Q42="X",G42*'Globals'!$C$45,0))+(IF(N42="X",G42*'Globals'!$C$46,0))+(IF(O42="X",G42*'Globals'!$C$47,0))+(IF(K42="X",G42*'Globals'!$C$49,0))+(IF(T42="X",G42*'Globals'!$C$51,0))+(IF(L42="X",G42*'Globals'!$C$50,0)) -> 0 | AL42: =IF(J42="",G42,0) -> 0
B43: Lead #2 | C43: 2days | D43: Weeks | E43: 2 | F43: 0 | G43: 0 | M43: x | N43: X | O43: x | P43: x | Q43: X | X43: =IF(M43="X",IF(D43="Weeks",C43*E43*'Globals'!$C$27,C43*E43),0) -> 24 | Y43: =IF(Q43="X",G43,0) -> 0 | Z43: =IF(R43="X",$G43,0) -> 0 | AA43: =IF(S43="X",$G43,0) -> 0 | AB43: =IF(N43="X",$G43,0) -> 0 | AC43: =IF(O43="X",$G43,0) -> 0 | AD43: =IF(P43="X",$G43,0) -> 0 | AE43: =IF(K43="X",$G43,0) -> 0 | AF43: =IF(T43="X",IF(D43="Days",C43,C43*'Globals'!$C$27)*E43,0) -> 0 | AG43: =IF(U43="X",IF($D43="Days",$C43,$C43*'Globals'!$C$27)*$E43,0) -> 0 | AH43: =IF(V43="X",$G43,0) -> 0 | AI43: =IF(W43="X",$G43,0) -> 0 | AJ43: =IF(L43="X",$G43,0) -> 0 | AK43: =(IF(Q43="X",G43*'Globals'!$C$45,0))+(IF(N43="X",G43*'Globals'!$C$46,0))+(IF(O43="X",G43*'Globals'!$C$47,0))+(IF(K43="X",G43*'Globals'!$C$49,0))+(IF(T43="X",G43*'Globals'!$C$51,0))+(IF(L43="X",G43*'Globals'!$C$50,0)) -> 0 | AL43: =IF(J43="",G43,0) -> 0
B44: Lead #3 | C44: 2 | D44: Weeks | E44: 1 | F44: 0 | G44: 0 | M44: x | N44: X | O44: x | P44: x | Q44: X | X44: =IF(M44="X",IF(D44="Weeks",C44*E44*'Globals'!$C$27,C44*E44),0) -> 12 | Y44: =IF(Q44="X",G44,0) -> 0 | Z44: =IF(R44="X",$G44,0) -> 0 | AA44: =IF(S44="X",$G44,0) -> 0 | AB44: =IF(N44="X",$G44,0) -> 0 | AC44: =IF(O44="X",$G44,0) -> 0 | AD44: =IF(P44="X",$G44,0) -> 0 | AE44: =IF(K44="X",$G44,0) -> 0 | AF44: =IF(T44="X",IF(D44="Days",C44,C44*'Globals'!$C$27)*E44,0) -> 0 | AG44: =IF(U44="X",IF($D44="Days",$C44,$C44*'Globals'!$C$27)*$E44,0) -> 0 | AH44: =IF(V44="X",$G44,0) -> 0 | AI44: =IF(W44="X",$G44,0) -> 0 | AJ44: =IF(L44="X",$G44,0) -> 0 | AK44: =(IF(Q44="X",G44*'Globals'!$C$45,0))+(IF(N44="X",G44*'Globals'!$C$46,0))+(IF(O44="X",G44*'Globals'!$C$47,0))+(IF(K44="X",G44*'Globals'!$C$49,0))+(IF(T44="X",G44*'Globals'!$C$51,0))+(IF(L44="X",G44*'Globals'!$C$50,0)) -> 0 | AL44: =IF(J44="",G44,0) -> 0
B45: Lead #2 | C45: 2 | D45: Weeks | E45: 2 | F45: 0 | G45: 0 | M45: x | N45: X | O45: x | P45: x | Q45: X | X45: =IF(M45="X",IF(D45="Weeks",C45*E45*'Globals'!$C$27,C45*E45),0) -> 24 | Y45: =IF(Q45="X",G45,0) -> 0 | Z45: =IF(R45="X",$G45,0) -> 0 | AA45: =IF(S45="X",$G45,0) -> 0 | AB45: =IF(N45="X",$G45,0) -> 0 | AC45: =IF(O45="X",$G45,0) -> 0 | AD45: =IF(P45="X",$G45,0) -> 0 | AE45: =IF(K45="X",$G45,0) -> 0 | AF45: =IF(T45="X",IF(D45="Days",C45,C45*'Globals'!$C$27)*E45,0) -> 0 | AG45: =IF(U45="X",IF($D45="Days",$C45,$C45*'Globals'!$C$27)*$E45,0) -> 0 | AH45: =IF(V45="X",$G45,0) -> 0 | AI45: =IF(W45="X",$G45,0) -> 0 | AJ45: =IF(L45="X",$G45,0) -> 0 | AK45: =(IF(Q45="X",G45*'Globals'!$C$45,0))+(IF(N45="X",G45*'Globals'!$C$46,0))+(IF(O45="X",G45*'Globals'!$C$47,0))+(IF(K45="X",G45*'Globals'!$C$49,0))+(IF(T45="X",G45*'Globals'!$C$51,0))+(IF(L45="X",G45*'Globals'!$C$50,0)) -> 0 | AL45: =IF(J45="",G45,0) -> 0
B46: Lead# 4 | C46: 2 | D46: Days | F46: 0 | G46: 0 | M46: x | N46: X | O46: x | P46: x | Q46: X | X46: =IF(M46="X",IF(D46="Weeks",C46*E46*'Globals'!$C$27,C46*E46),0) -> 0 | Y46: =IF(Q46="X",G46,0) -> 0 | Z46: =IF(R46="X",$G46,0) -> 0 | AA46: =IF(S46="X",$G46,0) -> 0 | AB46: =IF(N46="X",$G46,0) -> 0 | AC46: =IF(O46="X",$G46,0) -> 0 | AD46: =IF(P46="X",$G46,0) -> 0 | AE46: =IF(K46="X",$G46,0) -> 0 | AF46: =IF(T46="X",IF(D46="Days",C46,C46*'Globals'!$C$27)*E46,0) -> 0 | AG46: =IF(U46="X",IF($D46="Days",$C46,$C46*'Globals'!$C$27)*$E46,0) -> 0 | AH46: =IF(V46="X",$G46,0) -> 0 | AI46: =IF(W46="X",$G46,0) -> 0 | AJ46: =IF(L46="X",$G46,0) -> 0 | AK46: =(IF(Q46="X",G46*'Globals'!$C$45,0))+(IF(N46="X",G46*'Globals'!$C$46,0))+(IF(O46="X",G46*'Globals'!$C$47,0))+(IF(K46="X",G46*'Globals'!$C$49,0))+(IF(T46="X",G46*'Globals'!$C$51,0))+(IF(L46="X",G46*'Globals'!$C$50,0)) -> 0 | AL46: =IF(J46="",G46,0) -> 0
D47: Weeks | M47: x | N47: X | O47: x | P47: x | Q47: X | X47: =IF(M47="X",IF(D47="Weeks",C47*E47*'Globals'!$C$27,C47*E47),0) -> 0 | Y47: =IF(Q47="X",G47,0) -> 0 | Z47: =IF(R47="X",$G47,0) -> 0 | AA47: =IF(S47="X",$G47,0) -> 0 | AB47: =IF(N47="X",$G47,0) -> 0 | AC47: =IF(O47="X",$G47,0) -> 0 | AD47: =IF(P47="X",$G47,0) -> 0 | AE47: =IF(K47="X",$G47,0) -> 0 | AF47: =IF(T47="X",IF(D47="Days",C47,C47*'Globals'!$C$27)*E47,0) -> 0 | AG47: =IF(U47="X",IF($D47="Days",$C47,$C47*'Globals'!$C$27)*$E47,0) -> 0 | AH47: =IF(V47="X",$G47,0) -> 0 | AI47: =IF(W47="X",$G47,0) -> 0 | AJ47: =IF(L47="X",$G47,0) -> 0 | AK47: =(IF(Q47="X",G47*'Globals'!$C$45,0))+(IF(N47="X",G47*'Globals'!$C$46,0))+(IF(O47="X",G47*'Globals'!$C$47,0))+(IF(K47="X",G47*'Globals'!$C$49,0))+(IF(T47="X",G47*'Globals'!$C$51,0))+(IF(L47="X",G47*'Globals'!$C$50,0)) -> 0 | AL47: =IF(J47="",G47,0) -> 0
D48: Weeks | M48: x | N48: X | O48: x | P48: x | Q48: X | X48: =IF(M48="X",IF(D48="Weeks",C48*E48*'Globals'!$C$27,C48*E48),0) -> 0 | Y48: =IF(Q48="X",G48,0) -> 0 | Z48: =IF(R48="X",$G48,0) -> 0 | AA48: =IF(S48="X",$G48,0) -> 0 | AB48: =IF(N48="X",$G48,0) -> 0 | AC48: =IF(O48="X",$G48,0) -> 0 | AD48: =IF(P48="X",$G48,0) -> 0 | AE48: =IF(K48="X",$G48,0) -> 0 | AF48: =IF(T48="X",IF(D48="Days",C48,C48*'Globals'!$C$27)*E48,0) -> 0 | AG48: =IF(U48="X",IF($D48="Days",$C48,$C48*'Globals'!$C$27)*$E48,0) -> 0 | AH48: =IF(V48="X",$G48,0) -> 0 | AI48: =IF(W48="X",$G48,0) -> 0 | AJ48: =IF(L48="X",$G48,0) -> 0 | AK48: =(IF(Q48="X",G48*'Globals'!$C$45,0))+(IF(N48="X",G48*'Globals'!$C$46,0))+(IF(O48="X",G48*'Globals'!$C$47,0))+(IF(K48="X",G48*'Globals'!$C$49,0))+(IF(T48="X",G48*'Globals'!$C$51,0))+(IF(L48="X",G48*'Globals'!$C$50,0)) -> 0 | AL48: =IF(J48="",G48,0) -> 0
D49: Days | M49: x | N49: X | O49: x | P49: x | Q49: X | X49: =IF(M49="X",IF(D49="Weeks",C49*E49*'Globals'!$C$27,C49*E49),0) -> 0 | Y49: =IF(Q49="X",G49,0) -> 0 | Z49: =IF(R49="X",$G49,0) -> 0 | AA49: =IF(S49="X",$G49,0) -> 0 | AB49: =IF(N49="X",$G49,0) -> 0 | AC49: =IF(O49="X",$G49,0) -> 0 | AD49: =IF(P49="X",$G49,0) -> 0 | AE49: =IF(K49="X",$G49,0) -> 0 | AF49: =IF(T49="X",IF(D49="Days",C49,C49*'Globals'!$C$27)*E49,0) -> 0 | AG49: =IF(U49="X",IF($D49="Days",$C49,$C49*'Globals'!$C$27)*$E49,0) -> 0 | AH49: =IF(V49="X",$G49,0) -> 0 | AI49: =IF(W49="X",$G49,0) -> 0 | AJ49: =IF(L49="X",$G49,0) -> 0 | AK49: =(IF(Q49="X",G49*'Globals'!$C$45,0))+(IF(N49="X",G49*'Globals'!$C$46,0))+(IF(O49="X",G49*'Globals'!$C$47,0))+(IF(K49="X",G49*'Globals'!$C$49,0))+(IF(T49="X",G49*'Globals'!$C$51,0))+(IF(L49="X",G49*'Globals'!$C$50,0)) -> 0 | AL49: =IF(J49="",G49,0) -> 0
A51: 113-02 | B51: Supporting Cast | X51: =IF(M51="X",IF(D51="Weeks",C51*E51*'Globals'!$C$27,C51*E51),0) -> 0 | Y51: =IF(Q51="X",G51,0) -> 0 | Z51: =IF(R51="X",$G51,0) -> 0 | AA51: =IF(S51="X",$G51,0) -> 0 | AB51: =IF(N51="X",$G51,0) -> 0 | AC51: =IF(O51="X",$G51,0) -> 0 | AD51: =IF(P51="X",$G51,0) -> 0 | AE51: =IF(K51="X",$G51,0) -> 0 | AF51: =IF(T51="X",IF(D51="Days",C51,C51*'Globals'!$C$27)*E51,0) -> 0 | AG51: =IF(U51="X",IF($D51="Days",$C51,$C51*'Globals'!$C$27)*$E51,0) -> 0 | AH51: =IF(V51="X",$G51,0) -> 0 | AI51: =IF(W51="X",$G51,0) -> 0 | AJ51: =IF(L51="X",$G51,0) -> 0 | AK51: =(IF(Q51="X",G51*'Globals'!$C$45,0))+(IF(N51="X",G51*'Globals'!$C$46,0))+(IF(O51="X",G51*'Globals'!$C$47,0))+(IF(K51="X",G51*'Globals'!$C$49,0))+(IF(T51="X",G51*'Globals'!$C$51,0))+(IF(L51="X",G51*'Globals'!$C$50,0)) -> 0 | AL51: =IF(J51="",G51,0) -> 0
B52: Supporting #1 SALES | C52: 1 | D52: Days | E52: 1 | F52: 0 | G52: 0 | M52: x | N52: x | O52: x | P52: x | Q52: x | X52: =IF(M52="X",IF(D52="Weeks",C52*E52*'Globals'!$C$27,C52*E52),0) -> 1 | Y52: =IF(Q52="X",G52,0) -> 0 | Z52: =IF(R52="X",$G52,0) -> 0 | AA52: =IF(S52="X",$G52,0) -> 0 | AB52: =IF(N52="X",$G52,0) -> 0 | AC52: =IF(O52="X",$G52,0) -> 0 | AD52: =IF(P52="X",$G52,0) -> 0 | AE52: =IF(K52="X",$G52,0) -> 0 | AF52: =IF(T52="X",IF(D52="Days",C52,C52*'Globals'!$C$27)*E52,0) -> 0 | AG52: =IF(U52="X",IF($D52="Days",$C52,$C52*'Globals'!$C$27)*$E52,0) -> 0 | AH52: =IF(V52="X",$G52,0) -> 0 | AI52: =IF(W52="X",$G52,0) -> 0 | AJ52: =IF(L52="X",$G52,0) -> 0 | AK52: =(IF(Q52="X",G52*'Globals'!$C$45,0))+(IF(N52="X",G52*'Globals'!$C$46,0))+(IF(O52="X",G52*'Globals'!$C$47,0))+(IF(K52="X",G52*'Globals'!$C$49,0))+(IF(T52="X",G52*'Globals'!$C$51,0))+(IF(L52="X",G52*'Globals'!$C$50,0)) -> 0 | AL52: =IF(J52="",G52,0) -> 0
B53: Supporting #2 PETERS | C53: 1 | D53: Days | E53: 1 | F53: 0 | G53: 0 | H53: 0 | M53: x | N53: x | O53: x | P53: x | Q53: x | X53: =IF(M53="X",IF(D53="Weeks",C53*E53*'Globals'!$C$27,C53*E53),0) -> 1 | Y53: =IF(Q53="X",G53,0) -> 0 | Z53: =IF(R53="X",$G53,0) -> 0 | AA53: =IF(S53="X",$G53,0) -> 0 | AB53: =IF(N53="X",$G53,0) -> 0 | AC53: =IF(O53="X",$G53,0) -> 0 | AD53: =IF(P53="X",$G53,0) -> 0 | AE53: =IF(K53="X",$G53,0) -> 0 | AF53: =IF(T53="X",IF(D53="Days",C53,C53*'Globals'!$C$27)*E53,0) -> 0 | AG53: =IF(U53="X",IF($D53="Days",$C53,$C53*'Globals'!$C$27)*$E53,0) -> 0 | AH53: =IF(V53="X",$G53,0) -> 0 | AI53: =IF(W53="X",$G53,0) -> 0 | AJ53: =IF(L53="X",$G53,0) -> 0 | AK53: =(IF(Q53="X",G53*'Globals'!$C$45,0))+(IF(N53="X",G53*'Globals'!$C$46,0))+(IF(O53="X",G53*'Globals'!$C$47,0))+(IF(K53="X",G53*'Globals'!$C$49,0))+(IF(T53="X",G53*'Globals'!$C$51,0))+(IF(L53="X",G53*'Globals'!$C$50,0)) -> 0 | AL53: =IF(J53="",G53,0) -> 0
B54: Supporting #3FORTUNDADO | C54: 1 | D54: Days | F54: non union | H54: 0 | M54: x | N54: x | O54: x | P54: x | Q54: x | X54: =IF(M54="X",IF(D54="Weeks",C54*E54*'Globals'!$C$27,C54*E54),0) -> 0 | Y54: =IF(Q54="X",G54,0) -> 0 | Z54: =IF(R54="X",$G54,0) -> 0 | AA54: =IF(S54="X",$G54,0) -> 0 | AB54: =IF(N54="X",$G54,0) -> 0 | AC54: =IF(O54="X",$G54,0) -> 0 | AD54: =IF(P54="X",$G54,0) -> 0 | AE54: =IF(K54="X",$G54,0) -> 0 | AF54: =IF(T54="X",IF(D54="Days",C54,C54*'Globals'!$C$27)*E54,0) -> 0 | AG54: =IF(U54="X",IF($D54="Days",$C54,$C54*'Globals'!$C$27)*$E54,0) -> 0 | AH54: =IF(V54="X",$G54,0) -> 0 | AI54: =IF(W54="X",$G54,0) -> 0 | AJ54: =IF(L54="X",$G54,0) -> 0 | AK54: =(IF(Q54="X",G54*'Globals'!$C$45,0))+(IF(N54="X",G54*'Globals'!$C$46,0))+(IF(O54="X",G54*'Globals'!$C$47,0))+(IF(K54="X",G54*'Globals'!$C$49,0))+(IF(T54="X",G54*'Globals'!$C$51,0))+(IF(L54="X",G54*'Globals'!$C$50,0)) -> 0 | AL54: =IF(J54="",G54,0) -> 0
B55: Jess | C55: 1 | D55: Days | F55: 0 | G55: 0 | M55: x | N55: x | O55: x | P55: x | Q55: x | X55: =IF(M55="X",IF(D55="Weeks",C55*E55*'Globals'!$C$27,C55*E55),0) -> 0 | Y55: =IF(Q55="X",G55,0) -> 0 | Z55: =IF(R55="X",$G55,0) -> 0 | AA55: =IF(S55="X",$G55,0) -> 0 | AB55: =IF(N55="X",$G55,0) -> 0 | AC55: =IF(O55="X",$G55,0) -> 0 | AD55: =IF(P55="X",$G55,0) -> 0 | AE55: =IF(K55="X",$G55,0) -> 0 | AF55: =IF(T55="X",IF(D55="Days",C55,C55*'Globals'!$C$27)*E55,0) -> 0 | AG55: =IF(U55="X",IF($D55="Days",$C55,$C55*'Globals'!$C$27)*$E55,0) -> 0 | AH55: =IF(V55="X",$G55,0) -> 0 | AI55: =IF(W55="X",$G55,0) -> 0 | AJ55: =IF(L55="X",$G55,0) -> 0 | AK55: =(IF(Q55="X",G55*'Globals'!$C$45,0))+(IF(N55="X",G55*'Globals'!$C$46,0))+(IF(O55="X",G55*'Globals'!$C$47,0))+(IF(K55="X",G55*'Globals'!$C$49,0))+(IF(T55="X",G55*'Globals'!$C$51,0))+(IF(L55="X",G55*'Globals'!$C$50,0)) -> 0 | AL55: =IF(J55="",G55,0) -> 0
B56: Supporting #5 JONES | C56: 1 | D56: Days | E56: 1 | F56: 0 | G56: 0 | M56: x | N56: x | O56: x | P56: x | Q56: x | X56: =IF(M56="X",IF(D56="Weeks",C56*E56*'Globals'!$C$27,C56*E56),0) -> 1 | Y56: =IF(Q56="X",G56,0) -> 0 | Z56: =IF(R56="X",$G56,0) -> 0 | AA56: =IF(S56="X",$G56,0) -> 0 | AB56: =IF(N56="X",$G56,0) -> 0 | AC56: =IF(O56="X",$G56,0) -> 0 | AD56: =IF(P56="X",$G56,0) -> 0 | AE56: =IF(K56="X",$G56,0) -> 0 | AF56: =IF(T56="X",IF(D56="Days",C56,C56*'Globals'!$C$27)*E56,0) -> 0 | AG56: =IF(U56="X",IF($D56="Days",$C56,$C56*'Globals'!$C$27)*$E56,0) -> 0 | AH56: =IF(V56="X",$G56,0) -> 0 | AI56: =IF(W56="X",$G56,0) -> 0 | AJ56: =IF(L56="X",$G56,0) -> 0 | AK56: =(IF(Q56="X",G56*'Globals'!$C$45,0))+(IF(N56="X",G56*'Globals'!$C$46,0))+(IF(O56="X",G56*'Globals'!$C$47,0))+(IF(K56="X",G56*'Globals'!$C$49,0))+(IF(T56="X",G56*'Globals'!$C$51,0))+(IF(L56="X",G56*'Globals'!$C$50,0)) -> 0 | AL56: =IF(J56="",G56,0) -> 0
B57: Supporting #6 CHASITY | C57: 2 | D57: Days | E57: 1 | F57: 0 | G57: 0 | M57: x | N57: x | O57: x | P57: x | Q57: x | X57: =IF(M57="X",IF(D57="Weeks",C57*E57*'Globals'!$C$27,C57*E57),0) -> 2 | Y57: =IF(Q57="X",G57,0) -> 0 | Z57: =IF(R57="X",$G57,0) -> 0 | AA57: =IF(S57="X",$G57,0) -> 0 | AB57: =IF(N57="X",$G57,0) -> 0 | AC57: =IF(O57="X",$G57,0) -> 0 | AD57: =IF(P57="X",$G57,0) -> 0 | AE57: =IF(K57="X",$G57,0) -> 0 | AF57: =IF(T57="X",IF(D57="Days",C57,C57*'Globals'!$C$27)*E57,0) -> 0 | AG57: =IF(U57="X",IF($D57="Days",$C57,$C57*'Globals'!$C$27)*$E57,0) -> 0 | AH57: =IF(V57="X",$G57,0) -> 0 | AI57: =IF(W57="X",$G57,0) -> 0 | AJ57: =IF(L57="X",$G57,0) -> 0 | AK57: =(IF(Q57="X",G57*'Globals'!$C$45,0))+(IF(N57="X",G57*'Globals'!$C$46,0))+(IF(O57="X",G57*'Globals'!$C$47,0))+(IF(K57="X",G57*'Globals'!$C$49,0))+(IF(T57="X",G57*'Globals'!$C$51,0))+(IF(L57="X",G57*'Globals'!$C$50,0)) -> 0 | AL57: =IF(J57="",G57,0) -> 0
B58: Mr. Waites | C58: 1 | D58: Days | E58: 1 | F58: 0 | G58: 0 | M58: x | N58: x | O58: x | P58: x | Q58: x | X58: =IF(M58="X",IF(D58="Weeks",C58*E58*'Globals'!$C$27,C58*E58),0) -> 1 | Y58: =IF(Q58="X",G58,0) -> 0 | Z58: =IF(R58="X",$G58,0) -> 0 | AA58: =IF(S58="X",$G58,0) -> 0 | AB58: =IF(N58="X",$G58,0) -> 0 | AC58: =IF(O58="X",$G58,0) -> 0 | AD58: =IF(P58="X",$G58,0) -> 0 | AE58: =IF(K58="X",$G58,0) -> 0 | AF58: =IF(T58="X",IF(D58="Days",C58,C58*'Globals'!$C$27)*E58,0) -> 0 | AG58: =IF(U58="X",IF($D58="Days",$C58,$C58*'Globals'!$C$27)*$E58,0) -> 0 | AH58: =IF(V58="X",$G58,0) -> 0 | AI58: =IF(W58="X",$G58,0) -> 0 | AJ58: =IF(L58="X",$G58,0) -> 0 | AK58: =(IF(Q58="X",G58*'Globals'!$C$45,0))+(IF(N58="X",G58*'Globals'!$C$46,0))+(IF(O58="X",G58*'Globals'!$C$47,0))+(IF(K58="X",G58*'Globals'!$C$49,0))+(IF(T58="X",G58*'Globals'!$C$51,0))+(IF(L58="X",G58*'Globals'!$C$50,0)) -> 0 | AL58: =IF(J58="",G58,0) -> 0
B59: Jimmy | C59: 1 | D59: Days | E59: 1 | F59: 0 | G59: 0 | M59: x | N59: x | O59: x | P59: x | Q59: x | X59: =IF(M59="X",IF(D59="Weeks",C59*E59*'Globals'!$C$27,C59*E59),0) -> 1 | Y59: =IF(Q59="X",G59,0) -> 0 | Z59: =IF(R59="X",$G59,0) -> 0 | AA59: =IF(S59="X",$G59,0) -> 0 | AB59: =IF(N59="X",$G59,0) -> 0 | AC59: =IF(O59="X",$G59,0) -> 0 | AD59: =IF(P59="X",$G59,0) -> 0 | AE59: =IF(K59="X",$G59,0) -> 0 | AF59: =IF(T59="X",IF(D59="Days",C59,C59*'Globals'!$C$27)*E59,0) -> 0 | AG59: =IF(U59="X",IF($D59="Days",$C59,$C59*'Globals'!$C$27)*$E59,0) -> 0 | AH59: =IF(V59="X",$G59,0) -> 0 | AI59: =IF(W59="X",$G59,0) -> 0 | AJ59: =IF(L59="X",$G59,0) -> 0 | AK59: =(IF(Q59="X",G59*'Globals'!$C$45,0))+(IF(N59="X",G59*'Globals'!$C$46,0))+(IF(O59="X",G59*'Globals'!$C$47,0))+(IF(K59="X",G59*'Globals'!$C$49,0))+(IF(T59="X",G59*'Globals'!$C$51,0))+(IF(L59="X",G59*'Globals'!$C$50,0)) -> 0 | AL59: =IF(J59="",G59,0) -> 0
D60: Days | M60: x | N60: x | O60: x | P60: x | Q60: x | X60: =IF(M60="X",IF(D60="Weeks",C60*E60*'Globals'!$C$27,C60*E60),0) -> 0 | Y60: =IF(Q60="X",G60,0) -> 0 | Z60: =IF(R60="X",$G60,0) -> 0 | AA60: =IF(S60="X",$G60,0) -> 0 | AB60: =IF(N60="X",$G60,0) -> 0 | AC60: =IF(O60="X",$G60,0) -> 0 | AD60: =IF(P60="X",$G60,0) -> 0 | AE60: =IF(K60="X",$G60,0) -> 0 | AF60: =IF(T60="X",IF(D60="Days",C60,C60*'Globals'!$C$27)*E60,0) -> 0 | AG60: =IF(U60="X",IF($D60="Days",$C60,$C60*'Globals'!$C$27)*$E60,0) -> 0 | AH60: =IF(V60="X",$G60,0) -> 0 | AI60: =IF(W60="X",$G60,0) -> 0 | AJ60: =IF(L60="X",$G60,0) -> 0 | AK60: =(IF(Q60="X",G60*'Globals'!$C$45,0))+(IF(N60="X",G60*'Globals'!$C$46,0))+(IF(O60="X",G60*'Globals'!$C$47,0))+(IF(K60="X",G60*'Globals'!$C$49,0))+(IF(T60="X",G60*'Globals'!$C$51,0))+(IF(L60="X",G60*'Globals'!$C$50,0)) -> 0 | AL60: =IF(J60="",G60,0) -> 0
A62: 113-03 | B62: Days/Bits | X62: =IF(M62="X",IF(D62="Weeks",C62*E62*'Globals'!$C$27,C62*E62),0) -> 0 | Y62: =IF(Q62="X",G62,0) -> 0 | Z62: =IF(R62="X",$G62,0) -> 0 | AA62: =IF(S62="X",$G62,0) -> 0 | AB62: =IF(N62="X",$G62,0) -> 0 | AC62: =IF(O62="X",$G62,0) -> 0 | AD62: =IF(P62="X",$G62,0) -> 0 | AE62: =IF(K62="X",$G62,0) -> 0 | AF62: =IF(T62="X",IF(D62="Days",C62,C62*'Globals'!$C$27)*E62,0) -> 0 | AG62: =IF(U62="X",IF($D62="Days",$C62,$C62*'Globals'!$C$27)*$E62,0) -> 0 | AH62: =IF(V62="X",$G62,0) -> 0 | AI62: =IF(W62="X",$G62,0) -> 0 | AJ62: =IF(L62="X",$G62,0) -> 0 | AK62: =(IF(Q62="X",G62*'Globals'!$C$45,0))+(IF(N62="X",G62*'Globals'!$C$46,0))+(IF(O62="X",G62*'Globals'!$C$47,0))+(IF(K62="X",G62*'Globals'!$C$49,0))+(IF(T62="X",G62*'Globals'!$C$51,0))+(IF(L62="X",G62*'Globals'!$C$50,0)) -> 0 | AL62: =IF(J62="",G62,0) -> 0
B63: Day Plater #1 | C63: 1 | D63: Days | E63: 1 | H63: 0 | M63: x | N63: x | O63: x | P63: x | Q63: x | X63: =IF(M63="X",IF(D63="Weeks",C63*E63*'Globals'!$C$27,C63*E63),0) -> 1 | Y63: =IF(Q63="X",G63,0) -> 0 | Z63: =IF(R63="X",$G63,0) -> 0 | AA63: =IF(S63="X",$G63,0) -> 0 | AB63: =IF(N63="X",$G63,0) -> 0 | AC63: =IF(O63="X",$G63,0) -> 0 | AD63: =IF(P63="X",$G63,0) -> 0 | AE63: =IF(K63="X",$G63,0) -> 0 | AF63: =IF(T63="X",IF(D63="Days",C63,C63*'Globals'!$C$27)*E63,0) -> 0 | AG63: =IF(U63="X",IF($D63="Days",$C63,$C63*'Globals'!$C$27)*$E63,0) -> 0 | AH63: =IF(V63="X",$G63,0) -> 0 | AI63: =IF(W63="X",$G63,0) -> 0 | AJ63: =IF(L63="X",$G63,0) -> 0 | AK63: =(IF(Q63="X",G63*'Globals'!$C$45,0))+(IF(N63="X",G63*'Globals'!$C$46,0))+(IF(O63="X",G63*'Globals'!$C$47,0))+(IF(K63="X",G63*'Globals'!$C$49,0))+(IF(T63="X",G63*'Globals'!$C$51,0))+(IF(L63="X",G63*'Globals'!$C$50,0)) -> 0 | AL63: =IF(J63="",G63,0) -> 0
B64: Day Player #2 | C64: 1 | D64: Days | E64: 1 | F64: 0 | G64: 0 | M64: x | N64: x | O64: x | P64: x | Q64: x | X64: =IF(M64="X",IF(D64="Weeks",C64*E64*'Globals'!$C$27,C64*E64),0) -> 1 | Y64: =IF(Q64="X",G64,0) -> 0 | Z64: =IF(R64="X",$G64,0) -> 0 | AA64: =IF(S64="X",$G64,0) -> 0 | AB64: =IF(N64="X",$G64,0) -> 0 | AC64: =IF(O64="X",$G64,0) -> 0 | AD64: =IF(P64="X",$G64,0) -> 0 | AE64: =IF(K64="X",$G64,0) -> 0 | AF64: =IF(T64="X",IF(D64="Days",C64,C64*'Globals'!$C$27)*E64,0) -> 0 | AG64: =IF(U64="X",IF($D64="Days",$C64,$C64*'Globals'!$C$27)*$E64,0) -> 0 | AH64: =IF(V64="X",$G64,0) -> 0 | AI64: =IF(W64="X",$G64,0) -> 0 | AJ64: =IF(L64="X",$G64,0) -> 0 | AK64: =(IF(Q64="X",G64*'Globals'!$C$45,0))+(IF(N64="X",G64*'Globals'!$C$46,0))+(IF(O64="X",G64*'Globals'!$C$47,0))+(IF(K64="X",G64*'Globals'!$C$49,0))+(IF(T64="X",G64*'Globals'!$C$51,0))+(IF(L64="X",G64*'Globals'!$C$50,0)) -> 0 | AL64: =IF(J64="",G64,0) -> 0
B65: Day Player #3 | C65: 1 | D65: Days | E65: 1 | F65: 0 | G65: 0 | M65: x | N65: x | O65: x | P65: x | Q65: x | X65: =IF(M65="X",IF(D65="Weeks",C65*E65*'Globals'!$C$27,C65*E65),0) -> 1 | Y65: =IF(Q65="X",G65,0) -> 0 | Z65: =IF(R65="X",$G65,0) -> 0 | AA65: =IF(S65="X",$G65,0) -> 0 | AB65: =IF(N65="X",$G65,0) -> 0 | AC65: =IF(O65="X",$G65,0) -> 0 | AD65: =IF(P65="X",$G65,0) -> 0 | AE65: =IF(K65="X",$G65,0) -> 0 | AF65: =IF(T65="X",IF(D65="Days",C65,C65*'Globals'!$C$27)*E65,0) -> 0 | AG65: =IF(U65="X",IF($D65="Days",$C65,$C65*'Globals'!$C$27)*$E65,0) -> 0 | AH65: =IF(V65="X",$G65,0) -> 0 | AI65: =IF(W65="X",$G65,0) -> 0 | AJ65: =IF(L65="X",$G65,0) -> 0 | AK65: =(IF(Q65="X",G65*'Globals'!$C$45,0))+(IF(N65="X",G65*'Globals'!$C$46,0))+(IF(O65="X",G65*'Globals'!$C$47,0))+(IF(K65="X",G65*'Globals'!$C$49,0))+(IF(T65="X",G65*'Globals'!$C$51,0))+(IF(L65="X",G65*'Globals'!$C$50,0)) -> 0 | AL65: =IF(J65="",G65,0) -> 0
B66: Day Player #4 | C66: 1 | D66: Days | E66: 1 | F66: 0 | G66: 0 | M66: x | N66: x | O66: x | P66: x | Q66: x | X66: =IF(M66="X",IF(D66="Weeks",C66*E66*'Globals'!$C$27,C66*E66),0) -> 1 | Y66: =IF(Q66="X",G66,0) -> 0 | Z66: =IF(R66="X",$G66,0) -> 0 | AA66: =IF(S66="X",$G66,0) -> 0 | AB66: =IF(N66="X",$G66,0) -> 0 | AC66: =IF(O66="X",$G66,0) -> 0 | AD66: =IF(P66="X",$G66,0) -> 0 | AE66: =IF(K66="X",$G66,0) -> 0 | AF66: =IF(T66="X",IF(D66="Days",C66,C66*'Globals'!$C$27)*E66,0) -> 0 | AG66: =IF(U66="X",IF($D66="Days",$C66,$C66*'Globals'!$C$27)*$E66,0) -> 0 | AH66: =IF(V66="X",$G66,0) -> 0 | AI66: =IF(W66="X",$G66,0) -> 0 | AJ66: =IF(L66="X",$G66,0) -> 0 | AK66: =(IF(Q66="X",G66*'Globals'!$C$45,0))+(IF(N66="X",G66*'Globals'!$C$46,0))+(IF(O66="X",G66*'Globals'!$C$47,0))+(IF(K66="X",G66*'Globals'!$C$49,0))+(IF(T66="X",G66*'Globals'!$C$51,0))+(IF(L66="X",G66*'Globals'!$C$50,0)) -> 0 | AL66: =IF(J66="",G66,0) -> 0
B67: Day Player #5 | C67: 1 | D67: Days | E67: 1 | H67: 0 | M67: x | N67: x | O67: x | P67: x | Q67: x | X67: =IF(M67="X",IF(D67="Weeks",C67*E67*'Globals'!$C$27,C67*E67),0) -> 1 | Y67: =IF(Q67="X",G67,0) -> 0 | Z67: =IF(R67="X",$G67,0) -> 0 | AA67: =IF(S67="X",$G67,0) -> 0 | AB67: =IF(N67="X",$G67,0) -> 0 | AC67: =IF(O67="X",$G67,0) -> 0 | AD67: =IF(P67="X",$G67,0) -> 0 | AE67: =IF(K67="X",$G67,0) -> 0 | AF67: =IF(T67="X",IF(D67="Days",C67,C67*'Globals'!$C$27)*E67,0) -> 0 | AG67: =IF(U67="X",IF($D67="Days",$C67,$C67*'Globals'!$C$27)*$E67,0) -> 0 | AH67: =IF(V67="X",$G67,0) -> 0 | AI67: =IF(W67="X",$G67,0) -> 0 | AJ67: =IF(L67="X",$G67,0) -> 0 | AK67: =(IF(Q67="X",G67*'Globals'!$C$45,0))+(IF(N67="X",G67*'Globals'!$C$46,0))+(IF(O67="X",G67*'Globals'!$C$47,0))+(IF(K67="X",G67*'Globals'!$C$49,0))+(IF(T67="X",G67*'Globals'!$C$51,0))+(IF(L67="X",G67*'Globals'!$C$50,0)) -> 0 | AL67: =IF(J67="",G67,0) -> 0
B68: Bathroomm Patron | C68: 1 | D68: Days | E68: 1 | F68: 0 | H68: 0 | M68: x | N68: x | O68: x | P68: x | Q68: x | X68: =IF(M68="X",IF(D68="Weeks",C68*E68*'Globals'!$C$27,C68*E68),0) -> 1 | Y68: =IF(Q68="X",G68,0) -> 0 | Z68: =IF(R68="X",$G68,0) -> 0 | AA68: =IF(S68="X",$G68,0) -> 0 | AB68: =IF(N68="X",$G68,0) -> 0 | AC68: =IF(O68="X",$G68,0) -> 0 | AD68: =IF(P68="X",$G68,0) -> 0 | AE68: =IF(K68="X",$G68,0) -> 0 | AF68: =IF(T68="X",IF(D68="Days",C68,C68*'Globals'!$C$27)*E68,0) -> 0 | AG68: =IF(U68="X",IF($D68="Days",$C68,$C68*'Globals'!$C$27)*$E68,0) -> 0 | AH68: =IF(V68="X",$G68,0) -> 0 | AI68: =IF(W68="X",$G68,0) -> 0 | AJ68: =IF(L68="X",$G68,0) -> 0 | AK68: =(IF(Q68="X",G68*'Globals'!$C$45,0))+(IF(N68="X",G68*'Globals'!$C$46,0))+(IF(O68="X",G68*'Globals'!$C$47,0))+(IF(K68="X",G68*'Globals'!$C$49,0))+(IF(T68="X",G68*'Globals'!$C$51,0))+(IF(L68="X",G68*'Globals'!$C$50,0)) -> 0 | AL68: =IF(J68="",G68,0) -> 0
B69: Character | C69: 1 | D69: Days | E69: 1 | F69: 0 | G69: 0 | M69: x | N69: x | O69: x | P69: x | Q69: x | X69: =IF(M69="X",IF(D69="Weeks",C69*E69*'Globals'!$C$27,C69*E69),0) -> 1 | Y69: =IF(Q69="X",G69,0) -> 0 | Z69: =IF(R69="X",$G69,0) -> 0 | AA69: =IF(S69="X",$G69,0) -> 0 | AB69: =IF(N69="X",$G69,0) -> 0 | AC69: =IF(O69="X",$G69,0) -> 0 | AD69: =IF(P69="X",$G69,0) -> 0 | AE69: =IF(K69="X",$G69,0) -> 0 | AF69: =IF(T69="X",IF(D69="Days",C69,C69*'Globals'!$C$27)*E69,0) -> 0 | AG69: =IF(U69="X",IF($D69="Days",$C69,$C69*'Globals'!$C$27)*$E69,0) -> 0 | AH69: =IF(V69="X",$G69,0) -> 0 | AI69: =IF(W69="X",$G69,0) -> 0 | AJ69: =IF(L69="X",$G69,0) -> 0 | AK69: =(IF(Q69="X",G69*'Globals'!$C$45,0))+(IF(N69="X",G69*'Globals'!$C$46,0))+(IF(O69="X",G69*'Globals'!$C$47,0))+(IF(K69="X",G69*'Globals'!$C$49,0))+(IF(T69="X",G69*'Globals'!$C$51,0))+(IF(L69="X",G69*'Globals'!$C$50,0)) -> 0 | AL69: =IF(J69="",G69,0) -> 0
B70: Character | C70: 1 | D70: Days | E70: 1 | H70: non union | M70: x | N70: x | O70: x | P70: x | Q70: x | X70: =IF(M70="X",IF(D70="Weeks",C70*E70*'Globals'!$C$27,C70*E70),0) -> 1 | Y70: =IF(Q70="X",G70,0) -> 0 | Z70: =IF(R70="X",$G70,0) -> 0 | AA70: =IF(S70="X",$G70,0) -> 0 | AB70: =IF(N70="X",$G70,0) -> 0 | AC70: =IF(O70="X",$G70,0) -> 0 | AD70: =IF(P70="X",$G70,0) -> 0 | AE70: =IF(K70="X",$G70,0) -> 0 | AF70: =IF(T70="X",IF(D70="Days",C70,C70*'Globals'!$C$27)*E70,0) -> 0 | AG70: =IF(U70="X",IF($D70="Days",$C70,$C70*'Globals'!$C$27)*$E70,0) -> 0 | AH70: =IF(V70="X",$G70,0) -> 0 | AI70: =IF(W70="X",$G70,0) -> 0 | AJ70: =IF(L70="X",$G70,0) -> 0 | AK70: =(IF(Q70="X",G70*'Globals'!$C$45,0))+(IF(N70="X",G70*'Globals'!$C$46,0))+(IF(O70="X",G70*'Globals'!$C$47,0))+(IF(K70="X",G70*'Globals'!$C$49,0))+(IF(T70="X",G70*'Globals'!$C$51,0))+(IF(L70="X",G70*'Globals'!$C$50,0)) -> 0 | AL70: =IF(J70="",G70,0) -> 0
B71: Character | C71: 1 | D71: Days | E71: 1 | F71: 0 | H71: non union | M71: x | N71: x | O71: x | P71: x | Q71: x | X71: =IF(M71="X",IF(D71="Weeks",C71*E71*'Globals'!$C$27,C71*E71),0) -> 1 | Y71: =IF(Q71="X",G71,0) -> 0 | Z71: =IF(R71="X",$G71,0) -> 0 | AA71: =IF(S71="X",$G71,0) -> 0 | AB71: =IF(N71="X",$G71,0) -> 0 | AC71: =IF(O71="X",$G71,0) -> 0 | AD71: =IF(P71="X",$G71,0) -> 0 | AE71: =IF(K71="X",$G71,0) -> 0 | AF71: =IF(T71="X",IF(D71="Days",C71,C71*'Globals'!$C$27)*E71,0) -> 0 | AG71: =IF(U71="X",IF($D71="Days",$C71,$C71*'Globals'!$C$27)*$E71,0) -> 0 | AH71: =IF(V71="X",$G71,0) -> 0 | AI71: =IF(W71="X",$G71,0) -> 0 | AJ71: =IF(L71="X",$G71,0) -> 0 | AK71: =(IF(Q71="X",G71*'Globals'!$C$45,0))+(IF(N71="X",G71*'Globals'!$C$46,0))+(IF(O71="X",G71*'Globals'!$C$47,0))+(IF(K71="X",G71*'Globals'!$C$49,0))+(IF(T71="X",G71*'Globals'!$C$51,0))+(IF(L71="X",G71*'Globals'!$C$50,0)) -> 0 | AL71: =IF(J71="",G71,0) -> 0
A73: 113-04 | B73: ADR/Voice-Over | X73: =IF(M73="X",IF(D73="Weeks",C73*E73*'Globals'!$C$27,C73*E73),0) -> 0 | Y73: =IF(Q73="X",G73,0) -> 0 | Z73: =IF(R73="X",$G73,0) -> 0 | AA73: =IF(S73="X",$G73,0) -> 0 | AB73: =IF(N73="X",$G73,0) -> 0 | AC73: =IF(O73="X",$G73,0) -> 0 | AD73: =IF(P73="X",$G73,0) -> 0 | AE73: =IF(K73="X",$G73,0) -> 0 | AF73: =IF(T73="X",IF(D73="Days",C73,C73*'Globals'!$C$27)*E73,0) -> 0 | AG73: =IF(U73="X",IF($D73="Days",$C73,$C73*'Globals'!$C$27)*$E73,0) -> 0 | AH73: =IF(V73="X",$G73,0) -> 0 | AI73: =IF(W73="X",$G73,0) -> 0 | AJ73: =IF(L73="X",$G73,0) -> 0 | AK73: =(IF(Q73="X",G73*'Globals'!$C$45,0))+(IF(N73="X",G73*'Globals'!$C$46,0))+(IF(O73="X",G73*'Globals'!$C$47,0))+(IF(K73="X",G73*'Globals'!$C$49,0))+(IF(T73="X",G73*'Globals'!$C$51,0))+(IF(L73="X",G73*'Globals'!$C$50,0)) -> 0 | AL73: =IF(J73="",G73,0) -> 0
B74: Voice-Over | D74: Days | E74: 2 | F74: 0 | G74: 0 | M74: x | N74: x | O74: x | P74: x | Q74: x | X74: =IF(M74="X",IF(D74="Weeks",C74*E74*'Globals'!$C$27,C74*E74),0) -> 0 | Y74: =IF(Q74="X",G74,0) -> 0 | Z74: =IF(R74="X",$G74,0) -> 0 | AA74: =IF(S74="X",$G74,0) -> 0 | AB74: =IF(N74="X",$G74,0) -> 0 | AC74: =IF(O74="X",$G74,0) -> 0 | AD74: =IF(P74="X",$G74,0) -> 0 | AE74: =IF(K74="X",$G74,0) -> 0 | AF74: =IF(T74="X",IF(D74="Days",C74,C74*'Globals'!$C$27)*E74,0) -> 0 | AG74: =IF(U74="X",IF($D74="Days",$C74,$C74*'Globals'!$C$27)*$E74,0) -> 0 | AH74: =IF(V74="X",$G74,0) -> 0 | AI74: =IF(W74="X",$G74,0) -> 0 | AJ74: =IF(L74="X",$G74,0) -> 0 | AK74: =(IF(Q74="X",G74*'Globals'!$C$45,0))+(IF(N74="X",G74*'Globals'!$C$46,0))+(IF(O74="X",G74*'Globals'!$C$47,0))+(IF(K74="X",G74*'Globals'!$C$49,0))+(IF(T74="X",G74*'Globals'!$C$51,0))+(IF(L74="X",G74*'Globals'!$C$50,0)) -> 0 | AL74: =IF(J74="",G74,0) -> 0
B75: ADR #1 | D75: Days | M75: x | N75: x | O75: x | P75: x | Q75: x | X75: =IF(M75="X",IF(D75="Weeks",C75*E75*'Globals'!$C$27,C75*E75),0) -> 0 | Y75: =IF(Q75="X",G75,0) -> 0 | Z75: =IF(R75="X",$G75,0) -> 0 | AA75: =IF(S75="X",$G75,0) -> 0 | AB75: =IF(N75="X",$G75,0) -> 0 | AC75: =IF(O75="X",$G75,0) -> 0 | AD75: =IF(P75="X",$G75,0) -> 0 | AE75: =IF(K75="X",$G75,0) -> 0 | AF75: =IF(T75="X",IF(D75="Days",C75,C75*'Globals'!$C$27)*E75,0) -> 0 | AG75: =IF(U75="X",IF($D75="Days",$C75,$C75*'Globals'!$C$27)*$E75,0) -> 0 | AH75: =IF(V75="X",$G75,0) -> 0 | AI75: =IF(W75="X",$G75,0) -> 0 | AJ75: =IF(L75="X",$G75,0) -> 0 | AK75: =(IF(Q75="X",G75*'Globals'!$C$45,0))+(IF(N75="X",G75*'Globals'!$C$46,0))+(IF(O75="X",G75*'Globals'!$C$47,0))+(IF(K75="X",G75*'Globals'!$C$49,0))+(IF(T75="X",G75*'Globals'!$C$51,0))+(IF(L75="X",G75*'Globals'!$C$50,0)) -> 0 | AL75: =IF(J75="",G75,0) -> 0
B76: Other ADR | D76: Days | M76: x | N76: x | O76: x | P76: x | Q76: x | X76: =IF(M76="X",IF(D76="Weeks",C76*E76*'Globals'!$C$27,C76*E76),0) -> 0 | Y76: =IF(Q76="X",G76,0) -> 0 | Z76: =IF(R76="X",$G76,0) -> 0 | AA76: =IF(S76="X",$G76,0) -> 0 | AB76: =IF(N76="X",$G76,0) -> 0 | AC76: =IF(O76="X",$G76,0) -> 0 | AD76: =IF(P76="X",$G76,0) -> 0 | AE76: =IF(K76="X",$G76,0) -> 0 | AF76: =IF(T76="X",IF(D76="Days",C76,C76*'Globals'!$C$27)*E76,0) -> 0 | AG76: =IF(U76="X",IF($D76="Days",$C76,$C76*'Globals'!$C$27)*$E76,0) -> 0 | AH76: =IF(V76="X",$G76,0) -> 0 | AI76: =IF(W76="X",$G76,0) -> 0 | AJ76: =IF(L76="X",$G76,0) -> 0 | AK76: =(IF(Q76="X",G76*'Globals'!$C$45,0))+(IF(N76="X",G76*'Globals'!$C$46,0))+(IF(O76="X",G76*'Globals'!$C$47,0))+(IF(K76="X",G76*'Globals'!$C$49,0))+(IF(T76="X",G76*'Globals'!$C$51,0))+(IF(L76="X",G76*'Globals'!$C$50,0)) -> 0 | AL76: =IF(J76="",G76,0) -> 0
A78: 113-05 | B78: Performers | X78: =IF(M78="X",IF(D78="Weeks",C78*E78*'Globals'!$C$27,C78*E78),0) -> 0 | Y78: =IF(Q78="X",G78,0) -> 0 | Z78: =IF(R78="X",$G78,0) -> 0 | AA78: =IF(S78="X",$G78,0) -> 0 | AB78: =IF(N78="X",$G78,0) -> 0 | AC78: =IF(O78="X",$G78,0) -> 0 | AD78: =IF(P78="X",$G78,0) -> 0 | AE78: =IF(K78="X",$G78,0) -> 0 | AF78: =IF(T78="X",IF(D78="Days",C78,C78*'Globals'!$C$27)*E78,0) -> 0 | AG78: =IF(U78="X",IF($D78="Days",$C78,$C78*'Globals'!$C$27)*$E78,0) -> 0 | AH78: =IF(V78="X",$G78,0) -> 0 | AI78: =IF(W78="X",$G78,0) -> 0 | AJ78: =IF(L78="X",$G78,0) -> 0 | AK78: =(IF(Q78="X",G78*'Globals'!$C$45,0))+(IF(N78="X",G78*'Globals'!$C$46,0))+(IF(O78="X",G78*'Globals'!$C$47,0))+(IF(K78="X",G78*'Globals'!$C$49,0))+(IF(T78="X",G78*'Globals'!$C$51,0))+(IF(L78="X",G78*'Globals'!$C$50,0)) -> 0 | AL78: =IF(J78="",G78,0) -> 0
B79: Musicians | D79: Days | M79: x | N79: x | O79: x | P79: x | Q79: x | X79: =IF(M79="X",IF(D79="Weeks",C79*E79*'Globals'!$C$27,C79*E79),0) -> 0 | Y79: =IF(Q79="X",G79,0) -> 0 | Z79: =IF(R79="X",$G79,0) -> 0 | AA79: =IF(S79="X",$G79,0) -> 0 | AB79: =IF(N79="X",$G79,0) -> 0 | AC79: =IF(O79="X",$G79,0) -> 0 | AD79: =IF(P79="X",$G79,0) -> 0 | AE79: =IF(K79="X",$G79,0) -> 0 | AF79: =IF(T79="X",IF(D79="Days",C79,C79*'Globals'!$C$27)*E79,0) -> 0 | AG79: =IF(U79="X",IF($D79="Days",$C79,$C79*'Globals'!$C$27)*$E79,0) -> 0 | AH79: =IF(V79="X",$G79,0) -> 0 | AI79: =IF(W79="X",$G79,0) -> 0 | AJ79: =IF(L79="X",$G79,0) -> 0 | AK79: =(IF(Q79="X",G79*'Globals'!$C$45,0))+(IF(N79="X",G79*'Globals'!$C$46,0))+(IF(O79="X",G79*'Globals'!$C$47,0))+(IF(K79="X",G79*'Globals'!$C$49,0))+(IF(T79="X",G79*'Globals'!$C$51,0))+(IF(L79="X",G79*'Globals'!$C$50,0)) -> 0 | AL79: =IF(J79="",G79,0) -> 0
B80: Choreographers | D80: Days | M80: x | N80: x | O80: x | P80: x | Q80: x | X80: =IF(M80="X",IF(D80="Weeks",C80*E80*'Globals'!$C$27,C80*E80),0) -> 0 | Y80: =IF(Q80="X",G80,0) -> 0 | Z80: =IF(R80="X",$G80,0) -> 0 | AA80: =IF(S80="X",$G80,0) -> 0 | AB80: =IF(N80="X",$G80,0) -> 0 | AC80: =IF(O80="X",$G80,0) -> 0 | AD80: =IF(P80="X",$G80,0) -> 0 | AE80: =IF(K80="X",$G80,0) -> 0 | AF80: =IF(T80="X",IF(D80="Days",C80,C80*'Globals'!$C$27)*E80,0) -> 0 | AG80: =IF(U80="X",IF($D80="Days",$C80,$C80*'Globals'!$C$27)*$E80,0) -> 0 | AH80: =IF(V80="X",$G80,0) -> 0 | AI80: =IF(W80="X",$G80,0) -> 0 | AJ80: =IF(L80="X",$G80,0) -> 0 | AK80: =(IF(Q80="X",G80*'Globals'!$C$45,0))+(IF(N80="X",G80*'Globals'!$C$46,0))+(IF(O80="X",G80*'Globals'!$C$47,0))+(IF(K80="X",G80*'Globals'!$C$49,0))+(IF(T80="X",G80*'Globals'!$C$51,0))+(IF(L80="X",G80*'Globals'!$C$50,0)) -> 0 | AL80: =IF(J80="",G80,0) -> 0
B81: Dancers | D81: Days | M81: x | N81: x | O81: x | P81: x | Q81: x | X81: =IF(M81="X",IF(D81="Weeks",C81*E81*'Globals'!$C$27,C81*E81),0) -> 0 | Y81: =IF(Q81="X",G81,0) -> 0 | Z81: =IF(R81="X",$G81,0) -> 0 | AA81: =IF(S81="X",$G81,0) -> 0 | AB81: =IF(N81="X",$G81,0) -> 0 | AC81: =IF(O81="X",$G81,0) -> 0 | AD81: =IF(P81="X",$G81,0) -> 0 | AE81: =IF(K81="X",$G81,0) -> 0 | AF81: =IF(T81="X",IF(D81="Days",C81,C81*'Globals'!$C$27)*E81,0) -> 0 | AG81: =IF(U81="X",IF($D81="Days",$C81,$C81*'Globals'!$C$27)*$E81,0) -> 0 | AH81: =IF(V81="X",$G81,0) -> 0 | AI81: =IF(W81="X",$G81,0) -> 0 | AJ81: =IF(L81="X",$G81,0) -> 0 | AK81: =(IF(Q81="X",G81*'Globals'!$C$45,0))+(IF(N81="X",G81*'Globals'!$C$46,0))+(IF(O81="X",G81*'Globals'!$C$47,0))+(IF(K81="X",G81*'Globals'!$C$49,0))+(IF(T81="X",G81*'Globals'!$C$51,0))+(IF(L81="X",G81*'Globals'!$C$50,0)) -> 0 | AL81: =IF(J81="",G81,0) -> 0
A83: 113-06 | B83: Stunts | X83: =IF(M83="X",IF(D83="Weeks",C83*E83*'Globals'!$C$27,C83*E83),0) -> 0 | Y83: =IF(Q83="X",G83,0) -> 0 | Z83: =IF(R83="X",$G83,0) -> 0 | AA83: =IF(S83="X",$G83,0) -> 0 | AB83: =IF(N83="X",$G83,0) -> 0 | AC83: =IF(O83="X",$G83,0) -> 0 | AD83: =IF(P83="X",$G83,0) -> 0 | AE83: =IF(K83="X",$G83,0) -> 0 | AF83: =IF(T83="X",IF(D83="Days",C83,C83*'Globals'!$C$27)*E83,0) -> 0 | AG83: =IF(U83="X",IF($D83="Days",$C83,$C83*'Globals'!$C$27)*$E83,0) -> 0 | AH83: =IF(V83="X",$G83,0) -> 0 | AI83: =IF(W83="X",$G83,0) -> 0 | AJ83: =IF(L83="X",$G83,0) -> 0 | AK83: =(IF(Q83="X",G83*'Globals'!$C$45,0))+(IF(N83="X",G83*'Globals'!$C$46,0))+(IF(O83="X",G83*'Globals'!$C$47,0))+(IF(K83="X",G83*'Globals'!$C$49,0))+(IF(T83="X",G83*'Globals'!$C$51,0))+(IF(L83="X",G83*'Globals'!$C$50,0)) -> 0 | AL83: =IF(J83="",G83,0) -> 0
B84: Stunt Coordinator | D84: Days | F84: 0 | G84: 0 | M84: x | N84: x | O84: x | P84: x | Q84: x | X84: =IF(M84="X",IF(D84="Weeks",C84*E84*'Globals'!$C$27,C84*E84),0) -> 0 | Y84: =IF(Q84="X",G84,0) -> 0 | Z84: =IF(R84="X",$G84,0) -> 0 | AA84: =IF(S84="X",$G84,0) -> 0 | AB84: =IF(N84="X",$G84,0) -> 0 | AC84: =IF(O84="X",$G84,0) -> 0 | AD84: =IF(P84="X",$G84,0) -> 0 | AE84: =IF(K84="X",$G84,0) -> 0 | AF84: =IF(T84="X",IF(D84="Days",C84,C84*'Globals'!$C$27)*E84,0) -> 0 | AG84: =IF(U84="X",IF($D84="Days",$C84,$C84*'Globals'!$C$27)*$E84,0) -> 0 | AH84: =IF(V84="X",$G84,0) -> 0 | AI84: =IF(W84="X",$G84,0) -> 0 | AJ84: =IF(L84="X",$G84,0) -> 0 | AK84: =(IF(Q84="X",G84*'Globals'!$C$45,0))+(IF(N84="X",G84*'Globals'!$C$46,0))+(IF(O84="X",G84*'Globals'!$C$47,0))+(IF(K84="X",G84*'Globals'!$C$49,0))+(IF(T84="X",G84*'Globals'!$C$51,0))+(IF(L84="X",G84*'Globals'!$C$50,0)) -> 0 | AL84: =IF(J84="",G84,0) -> 0
B85: Stunt Players | D85: Days | F85: 0 | X85: =IF(M85="X",IF(D85="Weeks",C85*E85*'Globals'!$C$27,C85*E85),0) -> 0 | Y85: =IF(Q85="X",G85,0) -> 0 | Z85: =IF(R85="X",$G85,0) -> 0 | AA85: =IF(S85="X",$G85,0) -> 0 | AB85: =IF(N85="X",$G85,0) -> 0 | AC85: =IF(O85="X",$G85,0) -> 0 | AD85: =IF(P85="X",$G85,0) -> 0 | AE85: =IF(K85="X",$G85,0) -> 0 | AF85: =IF(T85="X",IF(D85="Days",C85,C85*'Globals'!$C$27)*E85,0) -> 0 | AG85: =IF(U85="X",IF($D85="Days",$C85,$C85*'Globals'!$C$27)*$E85,0) -> 0 | AH85: =IF(V85="X",$G85,0) -> 0 | AI85: =IF(W85="X",$G85,0) -> 0 | AJ85: =IF(L85="X",$G85,0) -> 0 | AK85: =(IF(Q85="X",G85*'Globals'!$C$45,0))+(IF(N85="X",G85*'Globals'!$C$46,0))+(IF(O85="X",G85*'Globals'!$C$47,0))+(IF(K85="X",G85*'Globals'!$C$49,0))+(IF(T85="X",G85*'Globals'!$C$51,0))+(IF(L85="X",G85*'Globals'!$C$50,0)) -> 0 | AL85: =IF(J85="",G85,0) -> 0
B86: Stunt Equipment Rental | D86: Days | X86: =IF(M86="X",IF(D86="Weeks",C86*E86*'Globals'!$C$27,C86*E86),0) -> 0 | Y86: =IF(Q86="X",G86,0) -> 0 | Z86: =IF(R86="X",$G86,0) -> 0 | AA86: =IF(S86="X",$G86,0) -> 0 | AB86: =IF(N86="X",$G86,0) -> 0 | AC86: =IF(O86="X",$G86,0) -> 0 | AD86: =IF(P86="X",$G86,0) -> 0 | AE86: =IF(K86="X",$G86,0) -> 0 | AF86: =IF(T86="X",IF(D86="Days",C86,C86*'Globals'!$C$27)*E86,0) -> 0 | AG86: =IF(U86="X",IF($D86="Days",$C86,$C86*'Globals'!$C$27)*$E86,0) -> 0 | AH86: =IF(V86="X",$G86,0) -> 0 | AI86: =IF(W86="X",$G86,0) -> 0 | AJ86: =IF(L86="X",$G86,0) -> 0 | AK86: =(IF(Q86="X",G86*'Globals'!$C$45,0))+(IF(N86="X",G86*'Globals'!$C$46,0))+(IF(O86="X",G86*'Globals'!$C$47,0))+(IF(K86="X",G86*'Globals'!$C$49,0))+(IF(T86="X",G86*'Globals'!$C$51,0))+(IF(L86="X",G86*'Globals'!$C$50,0)) -> 0 | AL86: =IF(J86="",G86,0) -> 0
B87: Stunt Adjustments | D87: Allow | N87: x | O87: x | P87: x | Q87: x | X87: =IF(M87="X",IF(D87="Weeks",C87*E87*'Globals'!$C$27,C87*E87),0) -> 0 | Y87: =IF(Q87="X",G87,0) -> 0 | Z87: =IF(R87="X",$G87,0) -> 0 | AA87: =IF(S87="X",$G87,0) -> 0 | AB87: =IF(N87="X",$G87,0) -> 0 | AC87: =IF(O87="X",$G87,0) -> 0 | AD87: =IF(P87="X",$G87,0) -> 0 | AE87: =IF(K87="X",$G87,0) -> 0 | AF87: =IF(T87="X",IF(D87="Days",C87,C87*'Globals'!$C$27)*E87,0) -> 0 | AG87: =IF(U87="X",IF($D87="Days",$C87,$C87*'Globals'!$C$27)*$E87,0) -> 0 | AH87: =IF(V87="X",$G87,0) -> 0 | AI87: =IF(W87="X",$G87,0) -> 0 | AJ87: =IF(L87="X",$G87,0) -> 0 | AK87: =(IF(Q87="X",G87*'Globals'!$C$45,0))+(IF(N87="X",G87*'Globals'!$C$46,0))+(IF(O87="X",G87*'Globals'!$C$47,0))+(IF(K87="X",G87*'Globals'!$C$49,0))+(IF(T87="X",G87*'Globals'!$C$51,0))+(IF(L87="X",G87*'Globals'!$C$50,0)) -> 0 | AL87: =IF(J87="",G87,0) -> 0
A89: 113-07 | X89: =IF(M89="X",IF(D89="Weeks",C89*E89*'Globals'!$C$27,C89*E89),0) -> 0 | Y89: =IF(Q89="X",G89,0) -> 0 | Z89: =IF(R89="X",$G89,0) -> 0 | AA89: =IF(S89="X",$G89,0) -> 0 | AB89: =IF(N89="X",$G89,0) -> 0 | AC89: =IF(O89="X",$G89,0) -> 0 | AD89: =IF(P89="X",$G89,0) -> 0 | AE89: =IF(K89="X",$G89,0) -> 0 | AF89: =IF(T89="X",IF(D89="Days",C89,C89*'Globals'!$C$27)*E89,0) -> 0 | AG89: =IF(U89="X",IF($D89="Days",$C89,$C89*'Globals'!$C$27)*$E89,0) -> 0 | AH89: =IF(V89="X",$G89,0) -> 0 | AI89: =IF(W89="X",$G89,0) -> 0 | AJ89: =IF(L89="X",$G89,0) -> 0 | AK89: =(IF(Q89="X",G89*'Globals'!$C$45,0))+(IF(N89="X",G89*'Globals'!$C$46,0))+(IF(O89="X",G89*'Globals'!$C$47,0))+(IF(K89="X",G89*'Globals'!$C$49,0))+(IF(T89="X",G89*'Globals'!$C$51,0))+(IF(L89="X",G89*'Globals'!$C$50,0)) -> 0 | AL89: =IF(J89="",G89,0) -> 0
B90: Fittings | C90: 14 | D90: Actors | G90: 0 | M90: x | N90: x | O90: x | P90: x | Q90: x | X90: =IF(M90="X",IF(D90="Weeks",C90*E90*'Globals'!$C$27,C90*E90),0) -> 0 | Y90: =IF(Q90="X",G90,0) -> 0 | Z90: =IF(R90="X",$G90,0) -> 0 | AA90: =IF(S90="X",$G90,0) -> 0 | AB90: =IF(N90="X",$G90,0) -> 0 | AC90: =IF(O90="X",$G90,0) -> 0 | AD90: =IF(P90="X",$G90,0) -> 0 | AE90: =IF(K90="X",$G90,0) -> 0 | AF90: =IF(T90="X",IF(D90="Days",C90,C90*'Globals'!$C$27)*E90,0) -> 0 | AG90: =IF(U90="X",IF($D90="Days",$C90,$C90*'Globals'!$C$27)*$E90,0) -> 0 | AH90: =IF(V90="X",$G90,0) -> 0 | AI90: =IF(W90="X",$G90,0) -> 0 | AJ90: =IF(L90="X",$G90,0) -> 0 | AK90: =(IF(Q90="X",G90*'Globals'!$C$45,0))+(IF(N90="X",G90*'Globals'!$C$46,0))+(IF(O90="X",G90*'Globals'!$C$47,0))+(IF(K90="X",G90*'Globals'!$C$49,0))+(IF(T90="X",G90*'Globals'!$C$51,0))+(IF(L90="X",G90*'Globals'!$C$50,0)) -> 0 | AL90: =IF(J90="",G90,0) -> 0
B91: Rehearsal - Leads | D91: Days | F91: 0 | G91: 0 | X91: =IF(M91="X",IF(D91="Weeks",C91*E91*'Globals'!$C$27,C91*E91),0) -> 0 | Y91: =IF(Q91="X",G91,0) -> 0 | Z91: =IF(R91="X",$G91,0) -> 0 | AA91: =IF(S91="X",$G91,0) -> 0 | AB91: =IF(N91="X",$G91,0) -> 0 | AC91: =IF(O91="X",$G91,0) -> 0 | AD91: =IF(P91="X",$G91,0) -> 0 | AE91: =IF(K91="X",$G91,0) -> 0 | AF91: =IF(T91="X",IF(D91="Days",C91,C91*'Globals'!$C$27)*E91,0) -> 0 | AG91: =IF(U91="X",IF($D91="Days",$C91,$C91*'Globals'!$C$27)*$E91,0) -> 0 | AH91: =IF(V91="X",$G91,0) -> 0 | AI91: =IF(W91="X",$G91,0) -> 0 | AJ91: =IF(L91="X",$G91,0) -> 0 | AK91: =(IF(Q91="X",G91*'Globals'!$C$45,0))+(IF(N91="X",G91*'Globals'!$C$46,0))+(IF(O91="X",G91*'Globals'!$C$47,0))+(IF(K91="X",G91*'Globals'!$C$49,0))+(IF(T91="X",G91*'Globals'!$C$51,0))+(IF(L91="X",G91*'Globals'!$C$50,0)) -> 0 | AL91: =IF(J91="",G91,0) -> 0
B92: Rehearsal - Supporting | D92: Days | F92: 0 | X92: =IF(M92="X",IF(D92="Weeks",C92*E92*'Globals'!$C$27,C92*E92),0) -> 0 | Y92: =IF(Q92="X",G92,0) -> 0 | Z92: =IF(R92="X",$G92,0) -> 0 | AA92: =IF(S92="X",$G92,0) -> 0 | AB92: =IF(N92="X",$G92,0) -> 0 | AC92: =IF(O92="X",$G92,0) -> 0 | AD92: =IF(P92="X",$G92,0) -> 0 | AE92: =IF(K92="X",$G92,0) -> 0 | AF92: =IF(T92="X",IF(D92="Days",C92,C92*'Globals'!$C$27)*E92,0) -> 0 | AG92: =IF(U92="X",IF($D92="Days",$C92,$C92*'Globals'!$C$27)*$E92,0) -> 0 | AH92: =IF(V92="X",$G92,0) -> 0 | AI92: =IF(W92="X",$G92,0) -> 0 | AJ92: =IF(L92="X",$G92,0) -> 0 | AK92: =(IF(Q92="X",G92*'Globals'!$C$45,0))+(IF(N92="X",G92*'Globals'!$C$46,0))+(IF(O92="X",G92*'Globals'!$C$47,0))+(IF(K92="X",G92*'Globals'!$C$49,0))+(IF(T92="X",G92*'Globals'!$C$51,0))+(IF(L92="X",G92*'Globals'!$C$50,0)) -> 0 | AL92: =IF(J92="",G92,0) -> 0
B93: Rehearsals - Other | D93: Days | F93: 0 | X93: =IF(M93="X",IF(D93="Weeks",C93*E93*'Globals'!$C$27,C93*E93),0) -> 0 | Y93: =IF(Q93="X",G93,0) -> 0 | Z93: =IF(R93="X",$G93,0) -> 0 | AA93: =IF(S93="X",$G93,0) -> 0 | AB93: =IF(N93="X",$G93,0) -> 0 | AC93: =IF(O93="X",$G93,0) -> 0 | AD93: =IF(P93="X",$G93,0) -> 0 | AE93: =IF(K93="X",$G93,0) -> 0 | AF93: =IF(T93="X",IF(D93="Days",C93,C93*'Globals'!$C$27)*E93,0) -> 0 | AG93: =IF(U93="X",IF($D93="Days",$C93,$C93*'Globals'!$C$27)*$E93,0) -> 0 | AH93: =IF(V93="X",$G93,0) -> 0 | AI93: =IF(W93="X",$G93,0) -> 0 | AJ93: =IF(L93="X",$G93,0) -> 0 | AK93: =(IF(Q93="X",G93*'Globals'!$C$45,0))+(IF(N93="X",G93*'Globals'!$C$46,0))+(IF(O93="X",G93*'Globals'!$C$47,0))+(IF(K93="X",G93*'Globals'!$C$49,0))+(IF(T93="X",G93*'Globals'!$C$51,0))+(IF(L93="X",G93*'Globals'!$C$50,0)) -> 0 | AL93: =IF(J93="",G93,0) -> 0
B94: Actors Baskets | E94: 3 | F94: 0 | G94: 0
A95: 113-10 | B95: Casting Director | C95: 1 | D95: Allow | E95: 1 | F95: 0 | G95: 0 | X95: =IF(M95="X",IF(D95="Weeks",C95*E95*'Globals'!$C$27,C95*E95),0) -> 0 | Y95: =IF(Q95="X",G95,0) -> 0 | Z95: =IF(R95="X",$G95,0) -> 0 | AA95: =IF(S95="X",$G95,0) -> 0 | AB95: =IF(N95="X",$G95,0) -> 0 | AC95: =IF(O95="X",$G95,0) -> 0 | AD95: =IF(P95="X",$G95,0) -> 0 | AE95: =IF(K95="X",$G95,0) -> 0 | AF95: =IF(T95="X",IF(D95="Days",C95,C95*'Globals'!$C$27)*E95,0) -> 0 | AG95: =IF(U95="X",IF($D95="Days",$C95,$C95*'Globals'!$C$27)*$E95,0) -> 0 | AH95: =IF(V95="X",$G95,0) -> 0 | AI95: =IF(W95="X",$G95,0) -> 0 | AJ95: =IF(L95="X",$G95,0) -> 0 | AK95: =(IF(Q95="X",G95*'Globals'!$C$45,0))+(IF(N95="X",G95*'Globals'!$C$46,0))+(IF(O95="X",G95*'Globals'!$C$47,0))+(IF(K95="X",G95*'Globals'!$C$49,0))+(IF(T95="X",G95*'Globals'!$C$51,0))+(IF(L95="X",G95*'Globals'!$C$50,0)) -> 0 | AL95: =IF(J95="",G95,0) -> 0
A96: 113-11 | B96: Casting Assistant | D96: Allow | F96: 0 | X96: =IF(M96="X",IF(D96="Weeks",C96*E96*'Globals'!$C$27,C96*E96),0) -> 0 | Y96: =IF(Q96="X",G96,0) -> 0 | Z96: =IF(R96="X",$G96,0) -> 0 | AA96: =IF(S96="X",$G96,0) -> 0 | AB96: =IF(N96="X",$G96,0) -> 0 | AC96: =IF(O96="X",$G96,0) -> 0 | AD96: =IF(P96="X",$G96,0) -> 0 | AE96: =IF(K96="X",$G96,0) -> 0 | AF96: =IF(T96="X",IF(D96="Days",C96,C96*'Globals'!$C$27)*E96,0) -> 0 | AG96: =IF(U96="X",IF($D96="Days",$C96,$C96*'Globals'!$C$27)*$E96,0) -> 0 | AH96: =IF(V96="X",$G96,0) -> 0 | AI96: =IF(W96="X",$G96,0) -> 0 | AJ96: =IF(L96="X",$G96,0) -> 0 | AK96: =(IF(Q96="X",G96*'Globals'!$C$45,0))+(IF(N96="X",G96*'Globals'!$C$46,0))+(IF(O96="X",G96*'Globals'!$C$47,0))+(IF(K96="X",G96*'Globals'!$C$49,0))+(IF(T96="X",G96*'Globals'!$C$51,0))+(IF(L96="X",G96*'Globals'!$C$50,0)) -> 0 | AL96: =IF(J96="",G96,0) -> 0
A97: 113-12 | B97: Casting/Rehearsal Space | D97: Allow | X97: =IF(M97="X",IF(D97="Weeks",C97*E97*'Globals'!$C$27,C97*E97),0) -> 0 | Y97: =IF(Q97="X",G97,0) -> 0 | Z97: =IF(R97="X",$G97,0) -> 0 | AA97: =IF(S97="X",$G97,0) -> 0 | AB97: =IF(N97="X",$G97,0) -> 0 | AC97: =IF(O97="X",$G97,0) -> 0 | AD97: =IF(P97="X",$G97,0) -> 0 | AE97: =IF(K97="X",$G97,0) -> 0 | AF97: =IF(T97="X",IF(D97="Days",C97,C97*'Globals'!$C$27)*E97,0) -> 0 | AG97: =IF(U97="X",IF($D97="Days",$C97,$C97*'Globals'!$C$27)*$E97,0) -> 0 | AH97: =IF(V97="X",$G97,0) -> 0 | AI97: =IF(W97="X",$G97,0) -> 0 | AJ97: =IF(L97="X",$G97,0) -> 0 | AK97: =(IF(Q97="X",G97*'Globals'!$C$45,0))+(IF(N97="X",G97*'Globals'!$C$46,0))+(IF(O97="X",G97*'Globals'!$C$47,0))+(IF(K97="X",G97*'Globals'!$C$49,0))+(IF(T97="X",G97*'Globals'!$C$51,0))+(IF(L97="X",G97*'Globals'!$C$50,0)) -> 0 | AL97: =IF(J97="",G97,0) -> 0
A98: 113-13 | B98: Ray's Housing | D98: Allow | F98: 0 | G98: 0 | X98: =IF(M98="X",IF(D98="Weeks",C98*E98*'Globals'!$C$27,C98*E98),0) -> 0 | Y98: =IF(Q98="X",G98,0) -> 0 | Z98: =IF(R98="X",$G98,0) -> 0 | AA98: =IF(S98="X",$G98,0) -> 0 | AB98: =IF(N98="X",$G98,0) -> 0 | AC98: =IF(O98="X",$G98,0) -> 0 | AD98: =IF(P98="X",$G98,0) -> 0 | AE98: =IF(K98="X",$G98,0) -> 0 | AF98: =IF(T98="X",IF(D98="Days",C98,C98*'Globals'!$C$27)*E98,0) -> 0 | AG98: =IF(U98="X",IF($D98="Days",$C98,$C98*'Globals'!$C$27)*$E98,0) -> 0 | AH98: =IF(V98="X",$G98,0) -> 0 | AI98: =IF(W98="X",$G98,0) -> 0 | AJ98: =IF(L98="X",$G98,0) -> 0 | AK98: =(IF(Q98="X",G98*'Globals'!$C$45,0))+(IF(N98="X",G98*'Globals'!$C$46,0))+(IF(O98="X",G98*'Globals'!$C$47,0))+(IF(K98="X",G98*'Globals'!$C$49,0))+(IF(T98="X",G98*'Globals'!$C$51,0))+(IF(L98="X",G98*'Globals'!$C$50,0)) -> 0 | AL98: =IF(J98="",G98,0) -> 0
A99: 113-20 | B99: "Star" Costs | X99: =IF(M99="X",IF(D99="Weeks",C99*E99*'Globals'!$C$27,C99*E99),0) -> 0 | Y99: =IF(Q99="X",G99,0) -> 0 | Z99: =IF(R99="X",$G99,0) -> 0 | AA99: =IF(S99="X",$G99,0) -> 0 | AB99: =IF(N99="X",$G99,0) -> 0 | AC99: =IF(O99="X",$G99,0) -> 0 | AD99: =IF(P99="X",$G99,0) -> 0 | AE99: =IF(K99="X",$G99,0) -> 0 | AF99: =IF(T99="X",IF(D99="Days",C99,C99*'Globals'!$C$27)*E99,0) -> 0 | AG99: =IF(U99="X",IF($D99="Days",$C99,$C99*'Globals'!$C$27)*$E99,0) -> 0 | AH99: =IF(V99="X",$G99,0) -> 0 | AI99: =IF(W99="X",$G99,0) -> 0 | AJ99: =IF(L99="X",$G99,0) -> 0 | AK99: =(IF(Q99="X",G99*'Globals'!$C$45,0))+(IF(N99="X",G99*'Globals'!$C$46,0))+(IF(O99="X",G99*'Globals'!$C$47,0))+(IF(K99="X",G99*'Globals'!$C$49,0))+(IF(T99="X",G99*'Globals'!$C$51,0))+(IF(L99="X",G99*'Globals'!$C$50,0)) -> 0 | AL99: =IF(J99="",G99,0) -> 0
A100: 113-21 | B100: Ray Per | G100: 0
B101: Subtotal Acct 113-00: | H101: 0 | N101: 80225
N102: 880
A103: 114-00 | B103: ATL Travel/Housing | N103: 300
A104: 114-01 | B104: Flights | D104: Months | N104: 700 | X104: =IF(M104="X",IF(D104="Weeks",C104*E104*'Globals'!$C$27,C104*E104),0) -> 0 | Y104: =IF(Q104="X",G104,0) -> 0 | Z104: =IF(R104="X",$G104,0) -> 0 | AA104: =IF(S104="X",$G104,0) -> 0 | AB104: =IF(N104="X",$G104,0) -> 0 | AC104: =IF(O104="X",$G104,0) -> 0 | AD104: =IF(P104="X",$G104,0) -> 0 | AE104: =IF(K104="X",$G104,0) -> 0 | AF104: =IF(T104="X",IF(D104="Days",C104,C104*'Globals'!$C$27)*E104,0) -> 0 | AG104: =IF(U104="X",IF($D104="Days",$C104,$C104*'Globals'!$C$27)*$E104,0) -> 0 | AH104: =IF(V104="X",$G104,0) -> 0 | AI104: =IF(W104="X",$G104,0) -> 0 | AJ104: =IF(L104="X",$G104,0) -> 0 | AK104: =(IF(Q104="X",G104*'Globals'!$C$45,0))+(IF(N104="X",G104*'Globals'!$C$46,0))+(IF(O104="X",G104*'Globals'!$C$47,0))+(IF(K104="X",G104*'Globals'!$C$49,0))+(IF(T104="X",G104*'Globals'!$C$51,0))+(IF(L104="X",G104*'Globals'!$C$50,0)) -> 0 | AL104: =IF(J104="",G104,0) -> 0
A105: 114-02 | B105: Minors Tutoring/Work Permit | D105: Months | N105: 180 | X105: =IF(M105="X",IF(D105="Weeks",C105*E105*'Globals'!$C$27,C105*E105),0) -> 0 | Y105: =IF(Q105="X",G105,0) -> 0 | Z105: =IF(R105="X",$G105,0) -> 0 | AA105: =IF(S105="X",$G105,0) -> 0 | AB105: =IF(N105="X",$G105,0) -> 0 | AC105: =IF(O105="X",$G105,0) -> 0 | AD105: =IF(P105="X",$G105,0) -> 0 | AE105: =IF(K105="X",$G105,0) -> 0 | AF105: =IF(T105="X",IF(D105="Days",C105,C105*'Globals'!$C$27)*E105,0) -> 0 | AG105: =IF(U105="X",IF($D105="Days",$C105,$C105*'Globals'!$C$27)*$E105,0) -> 0 | AH105: =IF(V105="X",$G105,0) -> 0 | AI105: =IF(W105="X",$G105,0) -> 0 | AJ105: =IF(L105="X",$G105,0) -> 0 | AK105: =(IF(Q105="X",G105*'Globals'!$C$45,0))+(IF(N105="X",G105*'Globals'!$C$46,0))+(IF(O105="X",G105*'Globals'!$C$47,0))+(IF(K105="X",G105*'Globals'!$C$49,0))+(IF(T105="X",G105*'Globals'!$C$51,0))+(IF(L105="X",G105*'Globals'!$C$50,0)) -> 0 | AL105: =IF(J105="",G105,0) -> 0
A106: 114-03 | B106: ATL (non Cast) Living | D106: Months | N106: 20001201 | X106: =IF(M106="X",IF(D106="Weeks",C106*E106*'Globals'!$C$27,C106*E106),0) -> 0 | Y106: =IF(Q106="X",G106,0) -> 0 | Z106: =IF(R106="X",$G106,0) -> 0 | AA106: =IF(S106="X",$G106,0) -> 0 | AB106: =IF(N106="X",$G106,0) -> 0 | AC106: =IF(O106="X",$G106,0) -> 0 | AD106: =IF(P106="X",$G106,0) -> 0 | AE106: =IF(K106="X",$G106,0) -> 0 | AF106: =IF(T106="X",IF(D106="Days",C106,C106*'Globals'!$C$27)*E106,0) -> 0 | AG106: =IF(U106="X",IF($D106="Days",$C106,$C106*'Globals'!$C$27)*$E106,0) -> 0 | AH106: =IF(V106="X",$G106,0) -> 0 | AI106: =IF(W106="X",$G106,0) -> 0 | AJ106: =IF(L106="X",$G106,0) -> 0 | AK106: =(IF(Q106="X",G106*'Globals'!$C$45,0))+(IF(N106="X",G106*'Globals'!$C$46,0))+(IF(O106="X",G106*'Globals'!$C$47,0))+(IF(K106="X",G106*'Globals'!$C$49,0))+(IF(T106="X",G106*'Globals'!$C$51,0))+(IF(L106="X",G106*'Globals'!$C$50,0)) -> 0 | AL106: =IF(J106="",G106,0) -> 0
A107: 114-04 | B107: ATL (non Cast) Travel | D107: Months | X107: =IF(M107="X",IF(D107="Weeks",C107*E107*'Globals'!$C$27,C107*E107),0) -> 0 | Y107: =IF(Q107="X",G107,0) -> 0 | Z107: =IF(R107="X",$G107,0) -> 0 | AA107: =IF(S107="X",$G107,0) -> 0 | AB107: =IF(N107="X",$G107,0) -> 0 | AC107: =IF(O107="X",$G107,0) -> 0 | AD107: =IF(P107="X",$G107,0) -> 0 | AE107: =IF(K107="X",$G107,0) -> 0 | AF107: =IF(T107="X",IF(D107="Days",C107,C107*'Globals'!$C$27)*E107,0) -> 0 | AG107: =IF(U107="X",IF($D107="Days",$C107,$C107*'Globals'!$C$27)*$E107,0) -> 0 | AH107: =IF(V107="X",$G107,0) -> 0 | AI107: =IF(W107="X",$G107,0) -> 0 | AJ107: =IF(L107="X",$G107,0) -> 0 | AK107: =(IF(Q107="X",G107*'Globals'!$C$45,0))+(IF(N107="X",G107*'Globals'!$C$46,0))+(IF(O107="X",G107*'Globals'!$C$47,0))+(IF(K107="X",G107*'Globals'!$C$49,0))+(IF(T107="X",G107*'Globals'!$C$51,0))+(IF(L107="X",G107*'Globals'!$C$50,0)) -> 0 | AL107: =IF(J107="",G107,0) -> 0
A108: 114-05 | B108: Cast Living Expenses | D108: Allow | X108: =IF(M108="X",IF(D108="Weeks",C108*E108*'Globals'!$C$27,C108*E108),0) -> 0 | Y108: =IF(Q108="X",G108,0) -> 0 | Z108: =IF(R108="X",$G108,0) -> 0 | AA108: =IF(S108="X",$G108,0) -> 0 | AB108: =IF(N108="X",$G108,0) -> 0 | AC108: =IF(O108="X",$G108,0) -> 0 | AD108: =IF(P108="X",$G108,0) -> 0 | AE108: =IF(K108="X",$G108,0) -> 0 | AF108: =IF(T108="X",IF(D108="Days",C108,C108*'Globals'!$C$27)*E108,0) -> 0 | AG108: =IF(U108="X",IF($D108="Days",$C108,$C108*'Globals'!$C$27)*$E108,0) -> 0 | AH108: =IF(V108="X",$G108,0) -> 0 | AI108: =IF(W108="X",$G108,0) -> 0 | AJ108: =IF(L108="X",$G108,0) -> 0 | AK108: =(IF(Q108="X",G108*'Globals'!$C$45,0))+(IF(N108="X",G108*'Globals'!$C$46,0))+(IF(O108="X",G108*'Globals'!$C$47,0))+(IF(K108="X",G108*'Globals'!$C$49,0))+(IF(T108="X",G108*'Globals'!$C$51,0))+(IF(L108="X",G108*'Globals'!$C$50,0)) -> 0 | AL108: =IF(J108="",G108,0) -> 0
A109: 114-06 | B109: Cast Per Diems | D109: Allow | X109: =IF(M109="X",IF(D109="Weeks",C109*E109*'Globals'!$C$27,C109*E109),0) -> 0 | Y109: =IF(Q109="X",G109,0) -> 0 | Z109: =IF(R109="X",$G109,0) -> 0 | AA109: =IF(S109="X",$G109,0) -> 0 | AB109: =IF(N109="X",$G109,0) -> 0 | AC109: =IF(O109="X",$G109,0) -> 0 | AD109: =IF(P109="X",$G109,0) -> 0 | AE109: =IF(K109="X",$G109,0) -> 0 | AF109: =IF(T109="X",IF(D109="Days",C109,C109*'Globals'!$C$27)*E109,0) -> 0 | AG109: =IF(U109="X",IF($D109="Days",$C109,$C109*'Globals'!$C$27)*$E109,0) -> 0 | AH109: =IF(V109="X",$G109,0) -> 0 | AI109: =IF(W109="X",$G109,0) -> 0 | AJ109: =IF(L109="X",$G109,0) -> 0 | AK109: =(IF(Q109="X",G109*'Globals'!$C$45,0))+(IF(N109="X",G109*'Globals'!$C$46,0))+(IF(O109="X",G109*'Globals'!$C$47,0))+(IF(K109="X",G109*'Globals'!$C$49,0))+(IF(T109="X",G109*'Globals'!$C$51,0))+(IF(L109="X",G109*'Globals'!$C$50,0)) -> 0 | AL109: =IF(J109="",G109,0) -> 0
A110: 114-07 | B110: Cast Ground Travel | D110: Allow | F110: 0 | X110: =IF(M110="X",IF(D110="Weeks",C110*E110*'Globals'!$C$27,C110*E110),0) -> 0 | Y110: =IF(Q110="X",G110,0) -> 0 | Z110: =IF(R110="X",$G110,0) -> 0 | AA110: =IF(S110="X",$G110,0) -> 0 | AB110: =IF(N110="X",$G110,0) -> 0 | AC110: =IF(O110="X",$G110,0) -> 0 | AD110: =IF(P110="X",$G110,0) -> 0 | AE110: =IF(K110="X",$G110,0) -> 0 | AF110: =IF(T110="X",IF(D110="Days",C110,C110*'Globals'!$C$27)*E110,0) -> 0 | AG110: =IF(U110="X",IF($D110="Days",$C110,$C110*'Globals'!$C$27)*$E110,0) -> 0 | AH110: =IF(V110="X",$G110,0) -> 0 | AI110: =IF(W110="X",$G110,0) -> 0 | AJ110: =IF(L110="X",$G110,0) -> 0 | AK110: =(IF(Q110="X",G110*'Globals'!$C$45,0))+(IF(N110="X",G110*'Globals'!$C$46,0))+(IF(O110="X",G110*'Globals'!$C$47,0))+(IF(K110="X",G110*'Globals'!$C$49,0))+(IF(T110="X",G110*'Globals'!$C$51,0))+(IF(L110="X",G110*'Globals'!$C$50,0)) -> 0 | AL110: =IF(J110="",G110,0) -> 0
B112: Subtotal 114-00:
A114: 999-96 | B114: ATL FRINGES
...

Sheet Globals
A1: GLOBALS:
B2: Budget Version: | C2: 1
B3: Budget Date: | C3: 41639
B4: Budget Name: | C4: Your Great Film
B5: Director: | C5: Brilliant Director
B6: Producer: | C6: Brilliant Producer
B7: Prepped By: | C7: Brilliant UPM
A9: GENERAL:
B10: Time: | C10: 120 | D10: Minutes
B11: Format: | C11: 4K
B12: Ratio: | C12: 9
B13: Feet: | C13: 90
B14: Reels: | C14: =$C$10/20 -> 6
B15: Contingency: | C15: 0.1
B16: Insurance | C16: 0
A18: SHOOT PERIOD:
B19: Shoot Days: | C19: 24 | D19: Days
B20: Prep Days: | C20: 12 | D20: Days
B21: Travel Days: | C21: 1 | D21: Days
B22: Wrap Days: | C22: 5 | D22: Days
B23: Prep: | C23: 3 | D23: Weeks
B24: Shoot: | C24: 4 | D24: Weeks
B25: Wrap: | C25: 1 | D25: Week
B26: Post: | C26: 12 | D26: Weeks
B27: Days Per Week | C27: =$C$19/$C$24 -> 6 | D27: Days
A29: NON-UNION SALARIES (DO NOT USE IN THE CASE OF UNION CREW, USE BELOW):
D30: Daily | E30: Weekly | F30: Hourly
B31: Crew | C31: Super | D31: =$D$32+50 -> 200 | E31: =$D$31*($C$19/$C$24) -> 1200 | F31: =$D$31/$D$36 -> 16.666667
C32: First: | D32: 150 | E32: =$D$32*($C$19/$C$24) -> 900 | F32: =$D$32/$D$36 -> 12.5 | G32: DON’T CHANGE WEEKLY OR HOURLY NUMBERS
C33: Second: | D33: 125 | E33: =$D$33*($C$19/$C$24) -> 750 | F33: =$D$33/$D$36 -> 10.416667
C34: Third: | D34: 100 | E34: =$D$34*($C$19/$C$24) -> 600 | F34: =$D$34/$D$36 -> 8.3333333
C35: PA: | D35: 100 | E35: =$D$35*($C$19/$C$24) -> 600 | F35: =$D$35/$D$36 -> 8.3333333
C36: Standard Hours: | D36: 12
C37: OT Hours: | D37: 14
B39: Cast | C39: SAG | D39: =C67 -> 247.5 | E39: =D67 -> 797.5 | F39: DON'T CHANGE HERE. See below
A42: FRINGES:
B43: WGA | C43: 0 | D43: WGA Health, Pension & Welfare
B44: DGA | C44: 0 | D44: DGA Health, Pension & Welfare
B45: SAG | C45: 0.163 | D45: SAG Health, Pension & Welfare
B46: Federal | C46: 0.0845 | D46: Social Security & Medicare
B47: State | C47: 0.15 | D47: Payroll Taxes (State, Federal, Medicare)
B48: PayrollService | C48: 0.02 | D48: Of Payroll Budget
B49: CrewOT | C49: 0.1 | D49: Overtime (BTL)
B50: ST | C50: 0.075 | D50: Sales Tax
B51: NHWPA | C51: 0 | D51: IATSE (estimated)
B52: MPIPH | C52: 0 | D52: Per Hour
B53: IAP | C53: 0 | D53: Per Gross
B54: Team | C54: 0 | D54: Teamster Fringes (various funds)
A56: SAG CALCULATIONS:
B57: SAG Agreement: | C57: Modified Low Budget
C58: Daily | D58: Weekly
B59: Base Rate | C59: 100 | D59: 500
B60: Hourly Rate | C60: =C59/C61 -> 12.5 | D60: =D59/D61 -> 12.5
B61: Reg. Hours | C61: 8 | D61: 40 | E61: [44 local, 48 distant]
B62: OT Hours | C62: 4 | D62: 12
B63: OT 2 Hours | C63: 2 | D63: 0
B64: OT Rate | C64: 1.5 | D64: 1.5
B65: OT2 Rate | C65: 2 | D65: 2
B66: Agent Fee | C66: 0.1 | D66: 0.1
B67: Total | C67: =(C59+(C62*C64*C60)+(C63*C65*C60))*(1+C66) -> 247.5 | D67: =(D59+(D62*D64*D60)+(D63*D65*D60))*(1+D66) -> 797.5
B68: Total w/o OT: | C68: =C59+(C66*C59) -> 110 | D68: =D59+(D66*D59) -> 550
A71: IATSE CALCUATIONS (Based on Area Agreement):
C72: Hourly Rate | D72: Reg. Hours | E72: OT Hours | F72: OT Rate | G72: Day Rate Total | H72: Week Rate Total
B73: Key: | C73: 24 | D73: 8 | E73: 4 | F73: 1.5 | G73: =(C73*D73)+(E73*F73*C73) -> 336 | H73: =G73*$C$27 -> 2016
B74: Second: | C74: 21 | D74: 8 | E74: 4 | F74: 1.5 | G74: =(C74*D74)+(E74*F74*C74) -> 294 | H74: =G74*$C$27 -> 1764
B75: Third: | C75: 19.5 | D75: 8 | E75: 4 | F75: 1.5 | G75: =(C75*D75)+(E75*F75*C75) -> 273 | H75: =G75*$C$27 -> 1638
A78: DGA Calculations (based on Low Budget Sideletter Agreement):
C79: Basic Rate | D79: LBSA Rate
B80: UPM | C80: 3928 | D80: =C80*0.6 -> 2356.8
B81: 1st AD | C81: 3734 | D81: =C81*0.6 -> 2240.4
B82: 2nd AD | C82: 2503 | D82: =C82*0.6 -> 1501.8
B83: 2nd 2nd AD | C83: 2362 | D83: =C83*0.6 -> 1417.2
